Workbook
Name Select: 'Lot Summary '!$E$6

Sheet Notes to Tenderers
A1: FCL033F - Appendix 2: Pricing Schedule. Cleaning, Paper & Personal Hygiene & Period Equality Products (Lots 1 - 8)
A2: Notes to Tenderers
A3: Please ensure you read Appendix 2 Pricing Schedule of the RFT in advance of completing this document. Any Tenderer who does not follow the instructions in the RFT and this Pricing Document will be eliminated from the competition.
A4: Notes to assist you in completion of Pricing Document:
A5: Only cells highlighted in Blue require completion.
A6: All prices are to be tendered in Euro, exclusive of VAT.
A7: The Unit Price submitted cannot be exceeded until the first anniversary of the Effective Date as defined in the Framework Contract (RFT clause 2.10.6.)
A8: Tenderer should note that the Unit Price entered should be to two decimal places only.
A10: All Lots (1 - 8)
A12: For Lots 1-8, Tenderers must be in a position to supply 100% of the Products listed within those Lots in Appendix 2 Pricing Schedule and must submit a Unit Price for those Goods.
A13: Failure to insert a unit price for all applicable Products will, in accordance with section 2.2 (Compliant Tenders) of Part two of the RFT, render the Tender non-compliant and the Tender will be eliminated from the Competition.
A15: Steps to complete Lot Summary Tab
... A23: Tenderers must submit their completed Appendix 2 Pricing Schedule separately via the post-box facility on www.etenders.gov.ie

Sheet Lot Summary 
A1: Contract: | B1: FCL033F Framework Cleaning, Paper, Personal Hygiene & Period Equality Products
A2: Tenderers Name:
A3: Delivery charge that will apply to orders below the minimum order value of €100 | C3: €
A5: Lot Number | B5: Geographic Area | C5: Goods Requirement | D5: Tendering For This Lot? (Yes/No) | E5: Order of preference 1 to 8 (with 1 been the preferred choice) | S5: Yes | T5: 1
A6: 1 | B6: Health Organisations | C6: Cleaning Supplies Products | D6: Select | E6: Select | S6: No | T6: 2
A7: 2 | B7: Health Organisations | C7: Paper Products | D7: Select | E7: Select | T7: 3
A8: 3 | B8: Health Organisations | C8: Personal Hygiene Products | D8: Select | E8: Select | T8: 4
A9: 4 | B9: Health Organisations | C9: Period Equality Products | D9: Select | E9: Select | T9: 5
A10: 5 | B10: All Client Organisations (apart from Health) | C10: Cleaning Supplies Products | D10: Select | E10: Select | T10: 6
A11: 6 | B11: All Client Organisations (apart from Health) | C11: Paper Products | D11: Select | E11: Select | T11: 7
A12: 7 | B12: All Client Organisations (apart from Health) | C12: Personal Hygiene Products | D12: Select | E12: Select | T12: 8
A13: 8 | B13: All Client Organisations (apart from Health) | C13: Period Equality Products | D13: Select | E13: Select

Sheet Lot 1
A1: Contract: | D1: FCL033F Framework - Cleaning, Paper, Personal Hygiene & Period Equality Products
A2: Lot Number: 1 | D2: Health Organisations | E2: Cleaning Supplies Products
A3: Tenderers Name: | D3: ='Lot Summary '!B2 -> 0
A5: Please ensure that you read all instructions in Appendix 2: Pricing Schedule from page 72 of the "FCL033F RFT". Any Tenderer who does not follow these instructions may be eliminated from the competition.
H7: Required for all Products | Y7: Select
S8: Required for Biocidal Products | Y8: Yes
A9: Lot Number | B9: OGP Product Number | C9: Area | D9: Product Description | E9: Product Specifications | F9: Unit of Measure (UOM) | G9: Estimated annual Volumes | H9: Supplier Product Code | I9: Country of Origin | J9: Prospective Product Description | K9: Prospective Case Size (For information purposes only) | M9: Price For Full Size Case | N9: Price as Per Unit of Measure (Column F) | O9: Annualised Unit Price for each Good based on unit of measure in column G | P9: Delivery UOM e.g. (Case, Box) | Q9: Green Criteria Compliant (Y/N) | R9: Green Criteria Rationale | S9: Insert a PCS, IE/BPA or EU Number | T9: Insert link to the biocidal product on the DAFM Register | Y9: No
A10: Example Row | C10: Housekeeping | D10: Metal polish, Multi-purpose | E10: Bottle, Suitable for a variety of metals including brass, copper, stainless steel, chrome, pewter, and bronze. | F10: Per 500ml | G10: 100 | H10: 12345 | I10: Ireland | J10: Metal polish, Multi-purpose (brand) | K10: 600ml | L10: 6 | M10: 10.8 | N10: 1.5 | O10: 150 | P10: Case | Q10: Y | R10: List all green elements linked to the product | S10: If applicable, add the details | T10: If applicable, add the details
A11: 1 | B11: 1 | C11: Floor Cleaning | D11: Concentrated Floor Cleaner | E11: Concentrate pouch/bottle/cartridge, for refilling ready to use spray bottles, concentrate suitable for cleaning protected and unprotected floors. If a separate dosing system/dispenser is required then it must be provided free of charge. | F11: Per 5 ltr. pouch/bottle/cartridge. | G11: 166 | O11: =N11*G11 -> 0
A12: 1 | B12: 2 | C12: Floor Cleaning | D12: Concentrated Floor Degreaser | E12: Concentrate pouch/bottle/cartridge, for dispenser for refilling ready to use spray bottles, concentrate suitable for cleaning and degreasing floors. If a separate dosing system/dispenser is required then it must be provided free of charge. | F12: Per 5 ltr. pouch/bottle/cartridge. | G12: 166 | O12: =N12*G12 -> 0
A13: 1 | B13: 3 | C13: Floor Cleaning | D13: Floor Polish, Emulsion and Maintainer | E13: 5 Ltr Container Triple polymer formulation with 18% solids, suitable for use on all sealed floors to protect & clean all in one operation. Used for spraying and buffing, damp mopping or machine scrubbing. | F13: Per 5 ltr. | G13: 1368 | O13: =N13*G13 -> 0
A14: 1 | B14: 4 | C14: Floor Cleaning | D14: Floor Polish, High gloss, slip resistant metallised emulsion | E14: 5 Ltr Container triple polymer formulation with 22% solids, Suitable for most types of smooth and water resistant hard floors including Vinyl, Thermoplastic, Rubber, Linoleum, Marble and Terrazzo. Suitable for very heavy traffic areas. | F14: Per 5 ltr. | G14: 596 | O14: =N14*G14 -> 0
A15: 1 | B15: 5 | C15: Floor Cleaning | D15: Floor Polish Stripper, No scrub, no rinse floor polish stripper | E15: 5 Ltr Container Alkali stripper for removing all emulsion floor polish, suitable for use on all resiliant floors (excluding wood), | F15: Per 5 ltr. | G15: 259 | O15: =N15*G15 -> 0
A16: 1 | B16: 6 | C16: Floor Cleaning | D16: Floor Cleaner, Fragranced PH neutral detergent | E16: pH Neutral Floor Cleaner, 5 Ltr Container, Liquid gel detergent cleaner/deodoriser, lightly/mildly fragranced, suitable for cleaning protected and unprotected floors. | F16: Per 5 ltr. | G16: 332 | O16: =N16*G16 -> 0
A17: 1 | B17: 7 | C17: Floor Cleaning | D17: Handle, 1200mm - 1350mm (48''-54'') Wooden Handle - 24mm (15/16'') | E17: 1200mm - 1350mm (48''-54'') Hard Wood Handle, smooth rounded edge, varnished, 24mm (15/16'') diameter, FSC certified (or equivalent), Must be compatible with wooden 250-300mm brush/broom heads on this list. | F17: Per Piece | G17: 33 | O17: =N17*G17 -> 0
A18: 1 | B18: 8 | C18: Floor Cleaning | D18: Handle, 1200mm - 1350mm (48''-54'') Wooden Handle - 29mm (1 1/8'') | E18: 1200mm - 1350mm (48''-54'') Hard Wood Handle, smooth rounded edge, varnished, 29mm (1 1/8'') diameter, FSC certified (or equivalent), , Must be compatible with wooden 450-500mm brush/broom heads on this list. | F18: Per Piece | G18: 164 | O18: =N18*G18 -> 0
A19: 1 | B19: 9 | C19: Floor Cleaning | D19: Handle, 1200mm - 1350mm Broom Handle - Asstd. Colours | E19: 1200mm-1350mm (48''-54'') ergonomic handle with comfort grip and rounded top with hanger. Aluminium or metal composite or vinyl covered steel construction, Asstd. Colours must include: Blue, Green, Red, White, Yellow., , Must be compatible with plastic broom heads on this list. | F19: Per Piece | G19: 208 | O19: =N19*G19 -> 0
A20: 1 | B20: 10 | C20: Floor Cleaning | D20: Brush Head, 250-300mm Wooden Sweeping Brush Head - Medium | E20: 250mm(10")-300mm (12'') hardwood backed head, medium stiffness nylon bristles, FSC certified (or equivalent), standard brush depth, 1 piece screw socket for 15/16'' handle, Must be suitable for indoor and outdoor use. | F20: Per Piece | G20: 214 | O20: =N20*G20 -> 0
A21: 1 | B21: 11 | C21: Floor Cleaning | D21: Brush Head, 275mm - 300mm Plastic Soft Broom Head - Asstd. Colours | E21: 275mm - 300mm (11''- 12''), moulded 1 piece screw socket for handle, nylon bristles, assorted colours must include Blue, Red, Green, Yellow, Must be autoclavable to 134 degrees C. | F21: Per Piece | G21: 428 | O21: =N21*G21 -> 0
A22: 1 | B22: 12 | C22: Floor Cleaning | D22: Brush Head, 275mm - 300mm Plastic Stiff Broom Head - Asstd. Colours | E22: 275mm - 300mm (11''- 12''), moulded 1 piece screw socket for handle, nylon bristles, assorted colours must include Blue, Red, Green, Yellow, Must be autoclavable to 134 degrees C. | F22: Per Piece | G22: 168 | O22: =N22*G22 -> 0
... A232: 1 | B232: 222 | C232: Laundry | D232: Biological Laundry Powder Detergent | E232: Biological laundry powder detergent supplied in a commercial pack. Suitable for use in commercial, healthcare, educational and institutional laundry environments. Product must contain enzymes to assist in the effective removal of protein-based stains, fats, oils and general soiling. Suitable for laundering white and colourfast fabrics and capable of delivering effective cleaning performance across a range of wash temperatures and water conditions. Product must help maintain fabric appearance and freshness throughout repeated wash cycles. Suitable for use in commercial washing machines and standard laundry processes. Product must rinse effectively and leave fabrics clean, fresh and free from excessive residue. | F232: Per 8.4kg | G232: 437 | O232: =N232*G232 -> 0
O233: =SUM(O11:O232) -> 0

Sheet Lot 2
A1: Contract: | D1: FCL033F Framework - Cleaning, Paper, Personal Hygiene & Period Equality Products
A2: Lot Number: 2 | D2: Health Organisations | E2: Paper Products
A3: Tenderers Name: | D3: ='Lot Summary '!B2 -> 0
A5: Please ensure that you read all instructions in Appendix 2: Pricing Schedule from page 72 of the "FCL033F RFT". Any Tenderer who does not follow these instructions may be eliminated from the competition.
H7: Required for all Products
S8: Yes
A9: Lot Number | B9: OGP Product Number | C9: Area | D9: Product Description | E9: Product Specifications | F9: Unit of Measure (UOM) | G9: Estimated annual Volumes | H9: Supplier Product Code | I9: Country of Origin | J9: Prospective Product Description | K9: Prospective Case Size (For information purposes only) | M9: Price For Full Size Case | N9: Price as Per Unit of Measure (Column F) | O9: Annualised Unit Price for each Good based on unit of measure in column F | P9: Delivery UOM e.g. (Case, Box) | Q9: Green Criteria Compliant (Y/N) | R9: Green Criteria Rationale | S9: No
A10: Example Row | C10: Paper Hygiene | D10: Kitchen Cleaning Cloth | E10: Highly absorbent cloth , white in colour, Heat resistant up to 250°c food contact approved , min sheet size ( e.g, 42.8cm Length x 35.5 cm Wide or similar dimensions equal to min area of 1519cm2). Product must be OK Biobased certified. | F10: 300 per pack | G10: 100 | H10: 12345 | I10: Ireland | J10: Kitchen Cleaning Cloth (brand) | K10: 350 pack | L10: 5 | M10: 50 | N10: 8.57 | O10: 857 | P10: Case | Q10: Y | R10: List all green elements linked to the product | S10: If applicable, add the details
A11: 2 | B11: 1 | C11: Paper Hygiene | D11: Hand Towel, 1 Ply, Standard Hand Towel, White | E11: Interfolded, Min. Size: 504 cm2 per sheet (e.g.24 cm length x 21cmwidth or similar dimensions equal to min. of 504cm2) Must dispense 1 at a time touched only by user. Must be compatabile with interfolded dispenser on contract Must not break up when wet. Must be Forest Stewardship Council (FSC), Eu Ecolabel certified or equivalent. Must be Elemental Chlorine Free (ECF) or Totally Chlorine Free (TCF). Approx. 250 Towels per sleeve. | F11: 12 units x 250 sheets per pack | G11: 45379 | O11: =N11*G11 -> 0
A12: 2 | B12: 2 | C12: Paper Hygiene | D12: Toilet Tissue, 2 Ply, Toilet Tissue, White | E12: Interfolded or Flat folded, Min. Size: 200.88cm2 per sheet (e.g. 10.8cm width x 18.6 length or similar dimensions equal to min. area of 200.88cm2), Min. weight 32gsm, embossed or creped finish, must dispense 1 at a time touched only by user. 240-300 sheets per block . Must dissolve in cold water. Must be Forest Stewardship Council (FSC), Eu Ecolabel certified or equivalent. Must be Elemental Chlorine Free (ECF) or Totally Chlorine Free (TCF). Per Block. | F12: 36 units x 252 sheets per pack | G12: 5556 | O12: =N12*G12 -> 0
A13: 2 | B13: 3 | C13: Paper Hygiene | D13: Hand Towel, 2 Ply, Hand Towel Roll,Blue | E13: Hand Towel Soft 2Ply blue must be minimum length 150metre Min width 21cm must dispense 1 at a time touched only by user. Must be compatible with a Roll handtowel dispenserMust not break up when wet. Must be Forest Stewardship Council (FSC), Eu Ecolabel certified or equivalent. Must be Elemental Chlorine Free (ECF) or Totally Chlorine Free (TCF). Must be food contact approved. | F13: Per 6 x 150metere roll | G13: 120 | O13: =N13*G13 -> 0
A14: 2 | B14: 4 | C14: Paper Hygiene | D14: Toilet Roll, 2 Ply Mini Jumbo Toilet Roll, White | E14: Min. Size: 180 cm2 per sheet (e.g. 9.cm x 20cm length or similar dimensions equal to min. area of 180cm2), embossed or creped finish, min. weight 30gsm, perforated, 3'' core, 1000-1250 sheets per roll, 200m - 250m per roll / 12 rolls per case. MUST DISSOLVE IN COLD WATER. Must be Forest Stewardship Council (FSC), Eu Ecolabel certified or equivalent. Must be Elemental Chlorine Free (ECF) or Totally Chlorine Free (TCF). Manufacturers certified specifications must be available (will be verified before contract award). | F14: 12 rolls x 200m per pack | G14: 8204 | O14: =N14*G14 -> 0
A15: 2 | B15: 5 | C15: Paper Hygiene | D15: Toilet Roll, 2 Ply Centrepull Toilet Roll - White | E15: Single sheet presentation, Min. sheet size: 234cm2 (e.g. 13cm x 18cm length or similar dimensions equal to min. area of 234cm2), min. weight 32gsm, perforated, 44mm - 50mm core, embossed or creped finish, 1000-1250 sheets per roll, 200m - 210 m per roll / 6 rolls per case. MUST DISSOLVE IN COLD WATER. Must be Forest Stewardship Council (FSC), Eu Ecolabel certified or equivalent. Must be Elemental Chlorine Free (ECF) or Totally Chlorine Free (TCF). Manufacturers certified specifications must be available (will be verified before contract award). | F15: 6 rolls x 207m per pack. | G15: 14000 | O15: =N15*G15 -> 0
A16: 2 | B16: 6 | C16: Paper Hygiene | D16: Wiper roll , 2 Ply, Centrefeed Blue | E16: Size: Each Sheet: 18-21 cm (w) x 36-39 cm (L), min. weight 32gsm, perforated, 300-400 Sheets per roll ( = 108-156 mtr. roll). Suitable for wet or dry use. Must be Forest Stewardship Council (FSC), Eu Ecolabel certified or equivalent. Must be Elemental Chlorine Free (ECF) or Totally Chlorine Free (TCF). Must be suitable for general purpose use. Must be Food Contact approved | F16: 6 rolls x 150m per pack. | G16: 1314 | O16: =N16*G16 -> 0
A17: 2 | B17: 7 | C17: Paper Hygiene | D17: Facial Tissue, 2 Ply, Facial Tissues, White | E17: Size: Each sheet: 18-22cm (w) x 20-23cm (w), pop up box, 90-120 tissues per box. Suitable for wet or dry use. Must be Forest Stewardship Council (FSC), Eu Ecolabel certified or equivalent. Must be Elemental Chlorine Free (ECF) or Totally Chlorine Free (TCF). | F17: 30 units x 100 per pac | G17: 6510 | O17: =N17*G17 -> 0
A18: 2 | B18: 8 | C18: Paper Hygiene | D18: Wiper, 1 Ply, Large Wiper, White | E18: Interfolded, Min. Size:1435cm2 per sheet (e.g. 41cm x 35cm )or similar dimensions equal to min. of 1435cm2), Min. weight 60 gsm, Nonwoven low lint construction, Pop up box / brag box or equivalent. Must be highly absorbant - must not break up when 100% saturated. Must be Forest Stewardship Council (FSC), Eu Ecolabel certified or equivalent. Must be Elemental Chlorine Free (ECF) or Totally Chlorine Free (TCF). Must be suitable for mopping up / absorbing large spills including solvents, inks, oils and paints. Per Box of 210 - 300 sheets per box. | F18: Per Box 210 | G18: 312 | O18: =N18*G18 -> 0
A19: 2 | B19: 9 | C19: Paper Hygiene | D19: Hand Towel, 1 Ply, Standard Hand Towel, Blue | E19: Interfolded, Min. Size: 630cm2 per sheet (e.g.31.5cm length x 20cm width or similar dimensions equal to min. of 630cm2), Min. weight 16gsm, must dispense 1 at a time touched only by user. Must not break up when wet. Must be Forest Stewardship Council (FSC), Eu Ecolabel certified or equivalent. Must be Elemental Chlorine Free (ECF) or Totally Chlorine Free (TCF). Per Pack of 250. | F19: 12 Per Box/Pack | G19: 162 | O19: =N19*G19 -> 0
A20: 2 | B20: 10 | C20: Paper Hygiene | D20: Hand Towel, 3 Ply, Hand Towel, White | E20: Interfolded, Min. Size: 651cm2 per sheet (e.g.31cm length x 21cm width or similar dimensions equal to min. of 651cm2), Min. weight 48gsm, must dispense 1 at a time touched only by user. Must not break up when wet. Must be Forest Stewardship Council (FSC), Eu Ecolabel certified or equivalent. Must be Elemental Chlorine Free (ECF) or Totally Chlorine Free (TCF). Per Pack of 100/150. | F20: 21x 100 towels per case | G20: 320 | O20: =N20*G20 -> 0
A21: 2 | B21: 11 | C21: Paper Hygiene | D21: Hand Towel , 1 Ply, Wiper Pop Up Box, White | E21: Min. Size: 1473cm2 per sheet (35.5cm x 41.5cm) or similar dimensions equal to min. of 1473cm2), Min. weight 16gsm, lint free, creped, embossed or layered construction, one at a time dispensing. Must be highly absorbant - must not break up when 100% saturated. Must be Forest Stewardship Council (FSC), Eu Ecolabel certified or equivalent. Must be Elemental Chlorine Free (ECF) or Totally Chlorine Free (TCF). Must be suitable for mopping up / absorbing large spills including solvents, inks, oils and paints. Per Box of 120/150. | F21: 4x 120 Per Box | G21: 160 | O21: =N21*G21 -> 0
A22: 2 | B22: 12 | C22: Paper Hygiene | D22: Couch/Wiper Roll,2Ply, 20'', White | E22: White, Size: 49-52cm (w) x 38-44cm (L per sheet), min. weight 16gsm, perforated, 115-150 sheets per roll (= 43.7-66mts per roll), creped, embossed or layered construction, rolls must be individually wrapped. Suitable for wet or dry use. Must be Forest Stewardship Council (FSC), Eu Ecolabel certified or equivalent. Must be Elemental Chlorine Free (ECF) or Totally Chlorine Free (TCF). Must be suitable for general purpose use and use as couch roll. | F22: 9 pack x 54.45m Per Roll. | G22: 28000 | O22: =N22*G22 -> 0
... A33: 2 | B33: 23 | C33: Paper Hygiene | D33: Toilet Roll, 2 Ply Small Domestic Toilet Roll - White | E33: Min. Size: 108cm2 per sheet (e.g. 9.cm width x 12cm length or similar dimensions equal to min. area of 108cm2), embossed or creped finish, perforated, 200 sheets per roll / 36-48 rolls per case., Must dissolve in cold water. Must be Forest Stewardship Council (FSC), Eu Ecolabel certified or equivalent. Must be Elemental Chlorine Free (ECF) or Totally Chlorine Free (TCF). | F33: 36 rolls x 24m per pack | G33: 15 | O33: =N33*G33 -> 0
A34: 2 | B34: 24 | C34: Paper Hygiene | D34: Dispenser for Couch Roll/Wiper, 2 Ply 10'' Wiper Towel/Couch Roll | E34: Easy pull, wall mountable, white / blue or semi transparent heavy duty plastic, fully concealed roll, lockable, easy clean finish., Must be compatible with 2 ply 10'' wiper roll on this list, MUST BE AVAILABLE FREE ON LOAN. | F34: Per Piece | G34: N/A | O34: 0
A35: 2 | B35: 25 | C35: Paper Hygiene | D35: Dispenser for Couch Roll/Wiper, 2Ply 20'' Wiper Towel/Couch Roll | E35: Easy pull, wall mountable, white / blue or semi transparent heavy duty plastic, fully concealed roll, lockable, easy clean finish., Must be compatible with 2 ply 20'' wiper roll on this list, MUST BE AVAILABLE FREE ON LOAN. | F35: Per Piece | G35: N/A | O35: 0
A36: 2 | B36: 26 | C36: Paper Hygiene | D36: Dispenser, Hand Towel Dispenser, 2 Ply or 1 ply Hand Towel Interfold | E36: Interfold dispenser, white or blue or semi transparent heavy duty plastic, easy clean finish, window, single sheet dispensing without need to touch dispenser, overfill prevention, lockable., Must be compatible with interfolded 2 ply and 1 ply interfold hand towels on this list, MUST BE AVAILABLE FREE ON LOAN. | F36: Per Piece | G36: N/A | O36: 0
A37: 2 | B37: 27 | C37: Paper Hygiene | D37: Dispenser, Hand Towel Dispenser, Flushable 1 Ply Hand Towel | E37: Singlefold dispenser, white / blue or semi transparent heavy duty plastic, easy clean finish, window, single sheet dispensing without need to touch dispenser, overfill prevention, lockable. Must be compatible with flushable 1 ply interfolded hand towel on this list. MUST BE AVAILABLE FREE ON LOAN. | F37: Per Piece | G37: N/A | O37: 0
A38: 2 | B38: 28 | C38: Paper Hygiene | D38: Dispenser , Toilet Roll Dispenser, 2 Ply Centrepull Toilet Roll | E38: Single sheet presentation, Stainless steel or white/ blue heavy duty plastic, easy clean finish, window, self presenting dispensing without need to touch dispenser, window, concealed refill, lockable. Must be compatible with 2 ply centrepull toilet roll on this list, MUST BE AVAILABLE FREE ON LOAN. | F38: Per Piece | G38: N/A | O38: 0
A39: 2 | B39: 29 | C39: Paper Hygiene | D39: Dispenser, Toilet Roll Dispenser, Single Mini Jumbo Toilet Roll | E39: SINGLE toilet roll dispenser, stainless steel or white / blue heavy duty plastic, easy clean finish, window, self presenting dispensing without need to touch dispenser, window, concealed refills, lockable. Must be compatible with items 1 ply and 2 ply mini jumbo toilet rolls on this list, MUST BE AVAILABLE FREE ON LOAN. | F39: Per Piece | G39: N/A | O39: 0
A40: 2 | B40: 30 | C40: Paper Hygiene | D40: Dispenser, Toilet Roll Dispenser, Extra Large Jumbo Toilet Roll | E40: Stainless steel or white / blue heavy duty plastic, easy clean finish, window, reinforced teeth, self presenting dispensing without need to touch dispenser, window, concealed refill, lockable. Must be compatible with extra large jumbo toilet roll on this list, MUST BE AVAILABLE FREE ON LOAN. | F40: Per Piece | G40: N/A | O40: 0
A41: 2 | B41: 31 | C41: Paper Hygiene | D41: Dispenser, Toilet Roll Dispenser, 2 Ply Domestic/Conventional Toilet Roll | E41: Twin small roll toilet dispenser, stainless steel or white / blue heavy duty plastic, easy clean finish, window, self presenting dispensing without need to touch dispenser, window, concealed refills, lockable. Must be compatible with 2 ply domestic/conventional toilet rolls on this list. MUST BE AVAILABLE FREE ON LOAN. | F41: Per Piece | G41: N/A | O41: 0
A42: 2 | B42: 32 | C42: Paper Hygiene | D42: Z fold/Interfolded Hand Towel | E42: Interfolded Multifold HT 2P Z -Min size 21.3 x 24cm Approx. 180 sheets per pack or similar Min Grammage 42g Must dispense one at time only touched by user from z fold/interfold dispenser on contract . Must not break up when wet . Must be Forest Stewardship Council (FSC), Eu Ecolabel certified or equivalent. Must be Elemental Chlorine Free (ECF) or Totally Chlorine Free (TCF). Food contact approved | F42: 21 packs x 180 per case | G42: 82000 | O42: =N42*G42 -> 0
A43: 2 | B43: 33 | C43: Paper Hygiene | D43: Hand Towel Roll 2 ply white | E43: Hand Towel Soft 2Ply white must be minimum length 150metre Min width 21cm must dispense 1 at a time touched only by user. Must be compatible with a Roll handtowel dispenser on contract Must not break up when wet. Must be Forest Stewardship Council (FSC), Eu Ecolabel certified or equivalent. Must be Elemental Chlorine Free (ECF) or Totally Chlorine Free (TCF). | F43: 6 x 150metre per pack | G43: 51273 | O43: =N43*G43 -> 0
A44: 2 | B44: 34 | C44: Paper Hygiene | D44: Mini Toilet Roll Centrepull | E44: Single sheet presentation, 2 ply white Min. sheet size: 234cm2 (e.g. 13cm x 18cm length or similar dimensions equal to min. area of 234cm2), min. weight 32gsm, perforated, 44mm - 50mm core, embossed or creped finish, 600 and 620 sheets sheets per roll, 111m approx per roll / 12 rolls per case. MUST DISSOLVE IN COLD WATER. Must be Forest Stewardship Council (FSC) or Eu Ecolabel certified. Must be Elemental Chlorine Free (ECF) or Totally Chlorine Free (TCF). | F44: 12 x 620 sheets per pack | G44: 67000 | O44: =N44*G44 -> 0
A45: 2 | B45: 35 | C45: Paper Hygiene | D45: Mini Double Toilet Tissue Dispenser White | E45: Single sheet presentation, twin, white heavy duty plastic, easy clean finish, window, self presenting dispensing without need to touch dispenser, transparent at bottom, concealed refill, lockable. Must be compatible with 2 ply mini centrepull toilet roll on this list aprrox 111m long, approx 13,4cm wide. MUST BE AVAILABLE FREE ON LOAN | F45: Per Piece | G45: N/A | O45: 0
A46: 2 | B46: 36 | C46: Paper Hygiene | D46: Toilet Tissue Dispenser White | E46: Single sheet presentation, white heavy duty plastic, easy clean finish, window, self presenting dispensing without need to touch dispenser, transparent at bottom, concealed refill, lockable. Must be compatible with 2 ply centrepull toilet roll on this list , Approx 207m long, 13,4cm wide. MUST BE AVAILABLE FREE ON LOAN | F46: Per Piece | G46: N/A | O46: 0
A47: 2 | B47: 37 | C47: Paper Hygiene | D47: Twin Coreless Mid-size Toilet Roll Dispenser white | E47: High Capacity white Twin roll dispenser,tranparent at bottom,lockable and top up in use. Easy to clean design. Only one is roll is accessible at any time. Must be compatible with coreless toilet tissue on this list.Approx 94-110m long, 9,3cm wide. MUST BE AVAILABLE FREE ON LOAN | F47: Per Piece | G47: N/A | O47: 0
A48: 2 | B48: 38 | C48: Paper Hygiene | D48: Twin Coreless Mid-size Toilet Roll Dispenser Black | E48: High Capacity black Twin roll dispenser,tranparent at bottom,lockable and top up in use. Easy to clean design. Only one is roll is accessible at at time. Must be compatible with coreless toilet tissue on this list..Approx 103m long, 9,3cm wide. MUST BE AVAILABLE FREE ON LOAN | F48: Per Piece | G48: N/A | O48: 0
A49: 2 | B49: 39 | C49: Paper Hygiene | D49: Wiper Dispenser /Turquoise | E49: Single sheet presentation, flow restrictor, Robust design, Easy-to-clean design featuring removable hood, self presenting dispensing without need to touch dispenser, transparent, concealed refill, lockable. Must be compatible with 2 ply roll ,Approx 150m long ,19.4cm wide. MUST BE AVAILABLE FREE ON LOAN | F49: Per Piece | G49: N/A | O49: 0
A50: 2 | B50: 40 | C50: Paper Hygiene | D50: Hand Towel Roll Dispenser | E50: Single sheet presentation, white robust plastic, easy clean finish, transparent at bottom , self presenting dispensing without need to touch dispenser, hygienic as only touch the towel you use, concealed refill, lockable. Exterior refill level indicator Must be compatible with 2 ply roll on this list 150m long ,21cm wide. MUST BE AVAILABLE FREE ON LOAN | F50: Per Piece | G50: N/A | O50: 0
A51: 2 | B51: 41 | C51: Paper Hygiene | D51: Hand Towel Roll Dispenser - with sensor | E51: Automatic Single sheet presentation, white robust plastic, easy clean finish, transparent at bottom , self presenting dispensing with alternative sheet lengths. No need to touch dispenser, hygienic - only touch the towel you use, concealed refill, lockable. Led indicator warning for low paper and battery. Battery operated. Must be compatible with 2 ply roll on this list 150m long ,21cm wide. MUST BE AVAILABLE FREE ON LOAN | F51: Per Piece | G51: N/A | O51: 0
A52: 2 | B52: 42 | C52: Paper Hygiene | D52: Wiper Roll 2 Ply Blue | E52: Single sheet presentation, food contact approved certified 2 ply blue roll Min. sheet size: 679cm2 (e.g. 35cm x 19.4cm length or similar dimensions equal to min. area of 679cm2), - 400- 429 sheets per roll, 150m per roll / 6 rolls per case. Must be Forest Stewardship Council (FSC) or Eu Ecolabel certified. Must be Totally Chlorine Free (TCF). | F52: 6 rolls x 150metre per pack | G52: 8071 | O52: =N52*G52 -> 0
A53: 2 | B53: 43 | C53: Paper Hygiene | D53: Kitchen Cleaning Cloth | E53: Highly absorbent cloth , white in colour, Heat resistant up to 250°c food contact approved , min sheet size ( e.g, 42.8cm Length x 35.5 cm Wide or similar dimensions equal to min area of 1519cm2). Product must be OK Biobased certified. | F53: 300 per pack | G53: 5355 | O53: =N53*G53 -> 0
A54: 2 | B54: 44 | C54: Paper Hygiene | D54: Folded Wiper/Cloth Dispenser | E54: Single sheet presentation, Robust design, Easy-to-clean design featuring removable hood, self presenting dispensing without need to touch dispenser, transparent, concealed refill, lockable. Must be compatible with kitchen cleaning cloth. MUST BE AVAILABLE FREE ON LOAN. | F54: Per Piece | G54: N/A | O54: 0
A55: 2 | B55: 45 | C55: Paper Hygiene | D55: Peakserve High Capacity continuous handtowel dispenser | E55: Single sheet presentation, white robust plastic, easy clean finish, transparent at bottom , self presenting dispensing without need to touch dispenser, hygienic as only touch the towel you use, concealed refill, lockable. Exterior refill level indicator Must be compatible with 1 ply continuous handtowel on this list 22.5cm long ,20.1 cm wide. MUST BE AVAILABLE FREE ON LOAN | F55: Per Piece | G55: N/A | O55: 0
A56: 2 | B56: 46 | C56: Paper Hygiene | D56: High Capacity continuous handtowel dispenser | E56: Single sheet presentation, white robust plastic, easy clean finish, transparent at bottom , self presenting dispensing without need to touch dispenser, hygienic as only touch the towel you use, concealed refill, lockable. Exterior refill level indicator Must be compatible with 1 ply continuous handtowel on this list 22.5cm long ,20.1 cm wide. MUST BE AVAILABLE FREE ON LOAN | F56: Per Piece | G56: N/A | O56: 0
A57: 2 | B57: 47 | C57: Paper Hygiene | D57: Hand Towel, 1ply, Folded Handtowel with a continuous flow | E57: Hand Towel, 1 ply, White, Folded with a continuous flow. Minimum size 440cm2 per sheet (e.g.22cm length x 20cm width or similar dimensions equal to min. of 440cm2), minimum weight 27gsm, must dispense one sheet at a time touched only by the user. minimum of 410 sheets Must be compatible with Continuous dispenser on contract There must not be paper breaks between the bundles i.e. at the end of a bundle the user does not need to reach inside dispenser to continue dispensing towels. Must be Forest Stewardship Council (FSC), EU Ecolabel certified or equivalent. The hand towel needs to be Food Contact Approved for wiping. Must be Elemental Chlorine Free (ECF) or Totally Chlorine Free (TCF). | F57: 12 x 410 packs per case | G57: 53494 | O57: =N57*G57 -> 0
A58: 2 | B58: 48 | C58: Paper Hygiene | D58: Mid-Size Toilet Roll Advanced 2ply | E58: Toilet tissue 2 ply white , min roll length 100m min. weight 30gsm,. MUST DISSOLVE IN COLD WATER. Must be Forest Stewardship Council (FSC) or Eu Ecolabel certified. Must be Elemental Chlorine Free (ECF) or Totally Chlorine Free (TCF). | F58: 27 per pack | G58: 5246 | O58: =N58*G58 -> 0
A59: 2 | B59: 49 | C59: Paper Hygiene | D59: Twin Mid-Size Toilet Roll Dispenser (Auto Shift) | E59: High Capacity white Twin roll dispenser,tranparent at bottom,lockable and top up in use. Easy to clean finish. Enclosed, protected rolls with automatic roll shift. Must be compatible with rolls approx 100metre long 9.9cm wide with plastic bung. MUST BE AVAILABLE FREE ON LOAN. | F59: Per Piece | G59: N/A | O59: 0
A60: 2 | B60: 50 | C60: Paper Hygiene | D60: Toilet Roll, 2 Ply Jumbo Toilet Roll, White | E60: Must be 300m to 400m in length Min gsm 32gsm Roll width must be between 8.5 and 9.5 cm Roll diameter must be between 25 and 27 cm Must be Forest Stewardship Council (FSC), Eu Ecolabel certified or equivalent. Must be Elemental Chlorine Free (ECF) or Totally Chlorine Free (TCF). MUST DISSOLVE IN COLD WATER. | F60: 6 rolls x 340m per case | G60: 4613 | O60: =N60*G60 -> 0
A61: 2 | B61: 51 | C61: Paper Hygiene | D61: Toilet Tissue, 2 Ply, folded Toilet Tissue, White | E61: Interfolded or flat folded, .Min Seet size e.g. 11cm x 18.5cm length or similar dimensions Min weight 32gsm. Embossed or crepe finish 240 -300 sheets per pack Must disolve in cold water. Must be Forest Stewardship Council (FSC), Eu Ecolabel certified or equivalent. Must be Elemental Chlorine Free (ECF) or Totally Chlorine Free (TCF). | F61: 30 x 252 sheets per case | G61: 7032 | O61: =N61*G61 -> 0
A62: 2 | B62: 52 | C62: Paper Hygiene | D62: Soft wash cloth | E62: Sheet size unfolded : width 28 - 30 cm cm length 28 - 30 cm , Min. weight 58.5gsm. Suitable for wet or dry use . Must not break up easily Must be food contact approved for patient wiping Must be Forest Stewardship Council (FSC), Eu Ecolabel certified or equivalent. | F62: 1600 per pack | G62: 2048 | O62: =N62*G62 -> 0
A63: 2 | B63: 53 | C63: Paper Hygiene | D63: The portable Single Sheet Centrefeed system | E63: It must be suitable for hand drying and surface wiping solution for professional environments on the move. It must be easy-to-use, hygienic and durable dispensing one towel at a time. It must contain a Food contact approved certified 2 ply blue paper roll Min. sheet size: 679cm2 (e.g. 35cm x 19.4cm length or similar dimensions equal to min. area of 679cm2), - 400- 429 sheets per roll, 150m per roll . 1 rolls per unit. The roll must be Forest Stewardship Council (FSC) or Eu Ecolabel certified. Must be Totally Chlorine Free (TCF). Food contact approved. | F63: Per Piece | G63: 62 | O63: =N63*G63 -> 0
A64: 2 | B64: 54 | C64: Paper Hygiene | D64: Wiping Paper Plus Blue C | E64: Size: Each Sheet: 18-21 cm (w) x 36-39 cm (L), min. weight 32gsm, perforated, min 300-400 Sheets per roll ( = 108-156 mtr. roll). Suitable for wet or dry use. Must be Forest Stewardship Council (FSC), Eu Ecolabel certified or equivalent. Must be Elemental Chlorine Free (ECF) or Totally Chlorine Free (TCF). Must be suitable for general purpose use. Must be food contact approved | F64: Per 6x 157metres pack | G64: 6971 | O64: =N64*G64 -> 0
A65: 2 | B65: 55 | C65: Paper Hygiene | D65: Mini Jumbo TR Adv 2p 170 | E65: Min. Size: 162 cm2 per sheet (e.g., 9.cm x 18cm length or similar dimensions equal to min. area of 162 cm2), embossed or creped finish, min. weight 32gsm, perforated, 2 1/4'' core per roll, 165m to 170m per roll / 12 rolls per case. MUST DISSOLVE IN COLD WATER. Must contain recycled fibres. Must be Forest Stewardship Council (FSC), Eu Ecolabel certified or equivalent. Must be Elemental Chlorine Free (ECF) or Totally Chlorine Free (TCF). | F65: 12 rolls x 170metre per case | G65: 8805 | O65: =N65*G65 -> 0
A66: 2 | B66: 56 | C66: Paper Hygiene | D66: Xpress Soft Multifold HT | E66: Interfolded, must dispense 1 at a time touched only by user. Min sheet size 24cmx 21 cm . Must be compatible with the interfold dispenser on contract Must not break up when wet. Made from virgin and recycled fibres. Must be Forest Stewardship Council (FSC), Eu Ecolabel certified or equivalent. Must be food contact approved. | F66: 18 packs x 237 sheet | G66: 721 | O66: =N66*G66 -> 0
A67: 2 | B67: 57 | C67: Paper Hygiene | D67: Soft Multifold HT- Interfold | E67: Extra soft Interfolded, must dispense 1 at a time touched only by user. Must be dispensed in interfolded dispenser Min sheet size 21cm x 25 cm - 525 cm2 Must not break up when wet. Made from virgin and recycled fibres. Must be Forest Stewardship Council (FSC), Eu Ecolabel certified or equivalent. Must be food contact approved. Minimum 150 sheets. | F67: 21x 150 per case | G67: 6009 | O67: =N67*G67 -> 0
A68: 2 | B68: 58 | C68: Paper Hygiene | D68: Coloured Long-Lasting Cleaning Cloth Red | E68: Red Colour coded cloth: Minimum Sheet size 30cm x 38cm minimum pack size 40 cloths. Cloths must be silicon free and not contain heavy-metal based dyes .Food contact approved for wiping. Must be food contact approved. Must have a dispenser available for dispensing where required. | F68: 320 per pack | G68: 305 | O68: =N68*G68 -> 0
A69: 2 | B69: 59 | C69: Paper Hygiene | D69: Coloured Long-Lasting Cleaning Cloth Green | E69: Green Colour coded cloth: Minimum Sheet size 30cm x 38cm minimum pack size 40 cloths. Cloths must be silicon free and not contain heavy-metal based dyes .Food contact approved for wiping. Must be food contact approved. Must have a dispenser available for dispensing where required. | F69: 320 per pack | G69: 203 | O69: =N69*G69 -> 0
A70: 2 | B70: 60 | C70: Paper Hygiene | D70: Coloured Long-Lasting Cleaning Cloth Blue | E70: Blue Colour coded cloth: Minimum Sheet size 30cm x 38cm minimum pack size 40 cloths. Cloths must be silicon free and not contain heavy-metal based dyes .Food contact approved for wiping. Must be food contact approved. Must have a dispenser available for dispensing where required. | F70: 320 per pack | G70: 405 | O70: =N70*G70 -> 0
A71: 2 | B71: 61 | C71: Paper Hygiene | D71: Clinical facial tissues | E71: Size: Each sheet: 9-12cm (w) x 20-23cm (L), pop up box, 90-120 tissues per box. Suitable for wet or dry use. Must be Forest Stewardship Council (FSC), Eu Ecolabel certified or equivalent. Must be Elemental Chlorine Free (ECF) or Totally Chlorine Free (TCF). | F71: 36 x 100 per pack | G71: 186 | O71: =N71*G71 -> 0
... A78: 2 | B78: 68 | C78: Paper Hygiene | D78: Wiper, Heavy Duty Cleaning Cloth, Folded, White | E78: Heavy-duty folded cleaning cloth, white. Non-woven construction. Must be highly absorbent, thick and very durable, withstanding hard scrubbing without falling apart. Must work with most solvents and removes oil, grease, water and stubborn spots quickly and effectively, while protecting hands from heat and metal scraps. The cloth must fit into a Wiper/Cloth Dispenser that protects refills from dirt and offers one-at-a time dispensing to reduce consumption. Must be Forest Stewardship Council (FSC), Eu Ecolabel certified or equivalent. Must be food contcat approved Min sheet size 35cm x 41cm | F78: 420 per case | G78: 644 | O78: =N78*G78 -> 0
A79: 2 | B79: 69 | C79: Paper Hygiene | D79: Dispenser, Mini Multifold Hand Towel Dispenser, White | E79: Wall-mounted mini multifold (Z-fold) hand towel dispenser, white. Manufactured from durable ABS plastic or equivalent. Lockable. Easy-clean finish. Viewing window to indicate stock level. Designed to provide controlled, one-at-a-time sheet dispensing to minimise waste and improve hygiene. Suitable for multifold hand towels supplied under this framework. MUST BE AVAILABLE FREE ON LOAN. | F79: Per Unit | G79: N/A | O79: 0
A80: 2 | B80: 70 | C80: Paper Hygiene | D80: Dispenser, Centrefeed Wiper Dispenser | E80: Wall-mounted centrefeed dispenser suitable for centrefeed wiper and hand towel rolls. Manufactured from durable ABS plastic or equivalent. Lockable. Easy-clean finish. Viewing window to indicate stock level. Designed to provide controlled dispensing and reduce product waste. Suitable for rolls supplied under this framework. Colour: white, blue, turquoise or equivalent. MUST BE AVAILABLE FREE ON LOAN. | F80: Per Unit | G80: N/A | O80: 0
A81: 2 | B81: 71 | C81: Paper Hygiene | D81: Wiper, 2 Ply, Industrial Wiping Roll, White | E81: Min Size: Each Sheet: 23-25cm (w) x 34-38cm (L), min. weight 16gsm, perforated, 1200-1800 sheets per roll (= 408-684 mtr. roll). 2 ply White industrial wiping roll,. Suitable for use in floor-standing and wall-mounted dispensing systems. Strong and absorbent construction suitable for wiping liquids, oils, grease and general contaminants. Must maintain strength when wet and must not break up during normal use. Supplied in cases of 2 rolls. Must be Forest Stewardship Council (FSC), EU Ecolabel certified or equivalent. Must be Elemental Chlorine Free (ECF) or Totally Chlorine Free (TCF). Suitable for industrial, workshop, maintenance, catering and general cleaning applications. | F81: Per 2 roll x 460metre per case | G81: 873 | O81: =N81*G81 -> 0
O82: =SUM(O11:O81) -> 0

Sheet Lot 3
A1: Contract: | D1: FCL033F Framework - Cleaning, Paper, Personal Hygiene & Period Equality Products
A2: Lot Number: 3 | D2: Health Organisations | E2: Personal Hygiene Products
A3: Tenderers Name: | D3: ='Lot Summary '!B2 -> 0
A5: Please ensure that you read all instructions in Appendix 2: Pricing Schedule from page 72 of the "FCL033F RFT". Any Tenderer who does not follow these instructions may be eliminated from the competition.
H7: Required for all Products | V7: Select
S8: Required for Biocidal Products | V8: Yes
A9: Lot Number | B9: OGP Product Number | C9: Area | D9: Product Description | E9: Product Specifications | F9: Unit of Measure (UOM) | G9: Estimated annual Volumes | H9: Supplier Product Code | I9: Country of Origin | J9: Prospective Product Description | K9: Prospective Case Size (For information purposes only) | M9: Price For Full Size Case | N9: Price as Per Unit of Measure (Column F) | O9: Annualised Unit Price for each Good based on unit of measure in column F | P9: Delivery UOM e.g. (Case, Box) | Q9: Green Criteria Compliant (Y/N) | R9: Green Criteria Rationale | S9: Insert a PCS, IE/BPA or EU Number | T9: Insert link to the biocidal product on the DAFM Register | V9: No
A10: Example Row | C10: Personal Hygiene | D10: Hair Conditioner | E10: Hair Conditioner, 150-250ml bottle. Used for everyday hair washing and conditioning, Compliant with Cosmetic Regulation 1223/2009/EC. | F10: Per 200ml Bottle. | G10: 100 | H10: 12345 | I10: Ireland | J10: Hair Conditioner (brand) | K10: 150ml | L10: 10 | M10: 10 | N10: 1.33 | O10: 133 | P10: Case | Q10: Y | R10: List all green elements linked to the product | S10: If applicable, add the details | T10: If applicable, add the details
A11: 3 | B11: 1 | C11: Personal Hygiene | D11: Baby Hair Shampoo | E11: Baby Hair Shampoo, 500ml bottle, Paraben free or equivalent, Used for everyday hair washing and conditioning, Compliant with Cosmetic Regulation 1223/2009/EC. | F11: Per 500ml Bottle. | G11: 13866 | O11: =N11*G11 -> 0
A12: 3 | B12: 2 | C12: Personal Hygiene | D12: Barrier Cream | E12: General purpose pre-work skin cream for wet & dry work, 1 ltr. Used to protect the skin from external damage through irritants such as dirt, mud, water, chemicals, allergens and other foreign bodies. | F12: Per 1ltr. Bottle. | G12: 23 | O12: =N12*G12 -> 0
A13: 3 | B13: 3 | C13: Personal Hygiene | D13: Deodorant Aerosol | E13: Body dry Antiperspirant Deodorant Aerosol 150ml (Male/Female), Everyday body deodorant. | F13: Per 150ml Can | G13: 24023 | O13: =N13*G13 -> 0
A14: 3 | B14: 4 | C14: Personal Hygiene | D14: Hair & Body wash | E14: All over body and hair shampoo, Replacement Cartridge for use in dispenser. Used for everyday hair and body wash. If necessary must fit to a dispenser that is to be provided. | F14: Per pouch/bottle/cartridge. | G14: 102 | O14: =N14*G14 -> 0
A15: 3 | B15: 5 | C15: Personal Hygiene | D15: Hair & Body wash | E15: Hair & Body wash, 25-40ml bottle. Used for everyday hair and body wash. | F15: Per Bottle. | G15: 400 | O15: =N15*G15 -> 0
A16: 3 | B16: 6 | C16: Personal Hygiene | D16: Hair & Body wash | E16: Hair & Body wash, Liquid bulk 5ltr container used to refill dispensing unit. Used for everyday hair and body wash. | F16: Per 5 ltr. | G16: 831 | O16: =N16*G16 -> 0
A17: 3 | B17: 7 | C17: Personal Hygiene | D17: Hand Soap | E17: 5 ltr Bulk pearlised liquid hand soap formulated for industrial and Institutional use. Biodegradable and phosphate free. Use to refill dispensers, General Hand Soap. Ideal for Schools, Pubs, Hotels, or as a General hand Soap., Complies with the EN 1276. | F17: Per 5 ltr. | G17: 122 | O17: =N17*G17 -> 0
A18: 3 | B18: 8 | C18: Personal Hygiene | D18: Hand Soap | E18: Antibacterial bulk liquid hand soap. 5 ltr. Bulk container used to refill dispenser units. Anti-Bacterial Liquid Hand Soap is useful in all office and public bathrooms. It effectively removes soils, provides antibacterial activity and is mild on the skin. Complies with EN 1276. | F18: Per 5 ltr. | G18: 1565 | O18: =N18*G18 -> 0
A19: 3 | B19: 9 | C19: Personal Hygiene | D19: Liquid soap dispenser | E19: Bulk Liquid Soap/Shampoo & body wash dispenser, refillable. Must be compatible with bulk filling soap/shampoo/body wash products on this list. MUST BE AVAILABLE FREE OF CHARGE. | F19: Per Piece. | G19: N/A | O19: 0
A20: 3 | B20: 10 | C20: Personal Hygiene | D20: Hair Shampoo | E20: Hair Shampoo, 300ml bottle. Used for everyday hair washing and conditioning, Compliant with Cosmetic Regulation 1223/2009/EC. | F20: Per 300ml Bottle. | G20: 400 | O20: =N20*G20 -> 0
A21: 3 | B21: 11 | C21: Personal Hygiene | D21: Hair Shampoo | E21: Hair Shampoo, 500ml bottle. Used for everyday hair washing and conditioning, Compliant with Cosmetic Regulation 1223/2009/EC. | F21: Pe 500ml Bottle. | G21: 400 | O21: =N21*G21 -> 0
A22: 3 | B22: 12 | C22: Personal Hygiene | D22: Shaving Foam | E22: Shaving Foam 200-300ml aerosol can. Used for everday shaving. | F22: Per 250ml Can | G22: 200 | O22: =N22*G22 -> 0
A23: 3 | B23: 13 | C23: Personal Hygiene | D23: Shower gel | E23: Shower gel, 200-300ml bottle. Used for everyday body wash. | F23: Per 300ml Bottle. | G23: 200 | O23: =N23*G23 -> 0
A24: 3 | B24: 14 | C24: Personal Hygiene | D24: Toothbrush kit | E24: Toothbrush 126mm & Toothpaste 5g Pack , Compact kit for everyday use, | F24: Per Pack. | G24: 39488 | O24: =N24*G24 -> 0
A25: 3 | B25: 15 | C25: Personal Hygiene | D25: Toothpaste, Large Tube | E25: Toothpaste, an everyday toothpaste with active fluoride for cavity protection. 75ml - 100ml tube. | F25: Per 75ml Tube | G25: 17217 | O25: =N25*G25 -> 0
A26: 3 | B26: 16 | C26: Personal Hygiene | D26: Razor, Disposable Two Blade Safety Razor, Sensitive Skin | E26: Twin blade fixed head plastic disposable safety razor. Pk of 5 or 6. Used for everday shaving of sennsitive skin. | F26: Per 5 Pack. | G26: 8000 | O26: =N26*G26 -> 0
A27: 3 | B27: 17 | C27: Personal Hygiene | D27: Razor, Disposable Safety Razor & Gel, Sensitive Skin | E27: 2 Blade Safety Razor & Sachet of shaving gel pack, used for everday shaving sensitive skin. | F27: Per Pack. | G27: 27000 | O27: =N27*G27 -> 0
A28: 3 | B28: 18 | C28: Personal Hygiene | D28: Deodorant Roll | E28: Deodorant Roll on Stick 50ml (Female), Everyday body deodorant. | F28: Per 50ml Stick | G28: 6500 | O28: =N28*G28 -> 0
B29: 19 | C29: Personal Hygiene | D29: Deodorant Roll | E29: Deodorant Roll on Stick 50ml (Male), Everyday body deodorant. | F29: Per 50ml Stick | G29: 6500 | O29: =N29*G29 -> 0
A30: 3 | B30: 20 | C30: Personal Hygiene | D30: Baby Bath | E30: Baby Bath, Hypoallergenic, pH Balanced, dye Free, paraben Free, phthaltes Free, sulphate Free, alcohol free and soap Free. 50-300ml Bottle. | F30: Per 300ml Bottle. | G30: 39476 | O30: =N30*G30 -> 0
A31: 3 | B31: 21 | C31: Personal Hygiene | D31: Hair Conditioner | E31: Hair Conditioner, 150-250ml bottle. Used for everyday hair washing and conditioning, Compliant with Cosmetic Regulation 1223/2009/EC. | F31: Per 200ml Bottle. | G31: 4000 | O31: =N31*G31 -> 0
A32: 3 | B32: 22 | C32: Personal Hygiene | D32: Mouthwash | E32: Mouthwash 200-300ml bottle. Alcohol Free. | F32: Per 250ml Bottle. | G32: 567 | O32: =N32*G32 -> 0
A33: 3 | B33: 23 | C33: Personal Hygiene | D33: Hair Shampoo, Anti-Dandruff | E33: Hair Shampoo, Anti-Dandruff, 250ml bottle. Used for everyday hair washing and conditioning, Compliant with Cosmetic Regulation 1223/2009/EC. | F33: Per 250ml Bottle. | G33: 18500 | O33: =N33*G33 -> 0
A34: 3 | B34: 24 | C34: Personal Hygiene | D34: Denture Cleaning tablets | E34: Denture Cleaning tablets, daily cleaning tablets, 99.9% Bacterial removal, stain removal. | F34: Per pack of 30 | G34: 200 | O34: =N34*G34 -> 0
A35: 3 | B35: 25 | C35: Personal Hygiene | D35: Ladies Hair Brush | E35: 100% Non-metallic, ladies hair brush. | F35: Per Piece. | G35: 15000 | O35: =N35*G35 -> 0
A36: 3 | B36: 26 | C36: Personal Hygiene | D36: Gents Hair Brush | E36: 100% Non-metallic, mens hair brush. | F36: Per Piece. | G36: 188 | O36: =N36*G36 -> 0
A37: 3 | B37: 27 | C37: Personal Hygiene | D37: Hair Comb | E37: 100% Non-metallic, ladies / gents hair comb. | F37: Per Piece. | G37: 103343 | O37: =N37*G37 -> 0
A38: 3 | B38: 28 | C38: Personal Hygiene | D38: Toothbrush | E38: A toothbrush includes a brush head having a pattern of bristles and a handle that consists of a soft, plastic, flexible, preferably transparent, tube with the brush head being fixedly mounted. Designed to be used particularly in the prison setting and the flexibility of the handle is designed to preclude its use as a weapon. Every day toothbrush. | F38: Per Piece. | G38: 16000 | O38: =N38*G38 -> 0
A39: 3 | B39: 29 | C39: Personal Hygiene | D39: Blue Surgical Disp Mask | E39: Blue Surgical Disp Mask Type IIR - EN12447 - Box = 50 | F39: Per Box | G39: 13000 | O39: =N39*G39 -> 0
A40: 3 | B40: 30 | C40: Personal Hygiene | D40: Apron White | E40: White Disposable Aprons 16MU - Flat Pack (27 x 46"). Approx. 1000 aprons per pack | F40: Per 1000 Pack. | G40: 867 | O40: =N40*G40 -> 0
A41: 3 | B41: 31 | C41: Personal Hygiene | D41: Apron Blue | E41: Blue Disposable Aprons 16MU - Flat Pack (27 x 46"). Approx. 1000 aprons per pack | F41: Per 1000 Pack. | G41: 535 | O41: =N41*G41 -> 0
... A77: 3 | B77: 67 | C77: Washroom | D77: Concentrated Toilet/Urinal Cleaner | E77: Concentrated Toilet/Urinal Cleaner, 1-3ltr. Cartridge, dosing system compatable for refilling Liquid Spray bottles or Buckets. If a separate dosing system/dispenser is required then it must be provided free of charge. | F77: Per 2.5 ltr. pouch/bottle/cartridge. | G77: 1092 | O77: =N77*G77 -> 0
A78: 3 | B78: 68 | C78: Washroom | D78: Air Freshener Spray Dispenser | E78: It must functionality in every detail, easy to program, highly practical and easy to maintain. It must work on batteries and be capable of dispensing a variety of scent refills lift the atmosphere of any washroom.MUST BE AVAILABLE FREE OF CHARGE. | F78: Per Piece | G78: N/A | O78: 0
A79: 3 | B79: 69 | C79: Washroom | D79: Air care refill multi pack | E79: The sprays contain concentrated fragrance oils and proprietary odour-neutralising agents to eliminate unpleasant smells while providing long-lasting air freshness. | F79: Per 12 pack | G79: 402 | O79: =N79*G79 -> 0
A80: 3 | B80: 70 | C80: Waste Disposal | D80: Refuse Sack, 26" x 44" Gauge, Clear, HDPE, Roll. | E80: Refuse Sack, 66.04cm x 111.76cm Micron Clear HDPE. Case of approx. 200 bags. Minimum 22 micron | F80: Per case | G80: 1277 | O80: =N80*G80 -> 0
A81: 3 | B81: 71 | C81: Waste Disposal | D81: Refuse Sack, Alginate Laundry Bag | E81: Refuse Sack, Alginate, Min. 51cm x 68cm (20'' x 27''), translucent red or orange colour, Strength: min. 152 gauge (38 micron), with dissolving strip, Strips must dissolve at 40 degrees C. case of approx. 200 bags. | F81: Per case | G81: 7143 | O81: =N81*G81 -> 0
A82: 3 | B82: 72 | C82: Waste Disposal | D82: Refuse Sack, 26" x 44" Gauge, Black, HDPE | E82: Min. Size 66cm x 112cm (26'' x 44'') black, HDPE, Strength: MUST hold up to 10kgs of waste. min. 25 micron OR meets Cleaning and Hygiene Association (CHSA) Refuse Sack 'Medium Duty' Standard. Tear resistant, puncture resistant, must be capable of capable of holding up to 10kgs of waste. Case of approx. 200 bags | F82: Per case | G82: 1545 | O82: =N82*G82 -> 0
A83: 3 | B83: 73 | C83: Waste Disposal | D83: Refuse Sack, 26" x 44" Gauge, Large Local Authority Refuse Sack, Single Colour Print. | E83: Min. Size: 66cm x 112cm (26'' x 44''), single base colour, 1 colour print (text and logo), Strength: MUST hold up to 15kgs of waste. min. 110 gauge (27.5 micron) OR meets Cleaning and Hygiene Association (CHSA) Refuse Sack 'Heavy Duty' Standard. Tear resistant, puncture resistant, must be capable of capable of holding up to 15kgs of waste. Print must be non run / waterproof., A typical example of the requirement is Dublin City Councils requirement for a bag in a light blue colour with the Dublin City Council logo printed on the bag in black. Case of approx. 200 bags | F83: Per case | G83: 1081 | O83: =N83*G83 -> 0
A84: 3 | B84: 74 | C84: Waste Disposal | D84: Refuse Sack, 26" x 44" Gauge, Co Extruded, Black, Roll | E84: Refuse Sack, 66.04cm x 111.76cm Micron Black Co-extruded. Case of approx. 200 bags. Minimum 40 micron | F84: Per Case | G84: 975 | O84: =N84*G84 -> 0
A85: 3 | B85: 75 | C85: Waste Disposal | D85: Refuse Sack, 22" x 40" Gauge, Compostable, 60L | E85: Compostable, 60 ltr., W55 x L102cm x 30mu. Must break down into carbon dioxide, water, inorganic compounds and biomass. Must degrade at the same rate as cellulose (paper). Biodegradation must not produce any toxic material, must support plant growth and must distintgrate to be indistinguishable in the compost. 90% compostable in 6 months (in accordance with standard EN13432). Clear/Green Tint. Case of approx. 100 bags. | F85: Per Case | G85: 1808 | O85: =N85*G85 -> 0
A86: 3 | B86: 76 | C86: Waste Disposal | D86: Refuse Sack, Office Waste Paper Basket Liner - Clear | E86: Refuse Sack, Clear, Min. 100 gauge (25 micron), Tear resistant. Must be compatible with standard 14L square and round office waste paper baskets. Case of approx. 100 bags | F86: Per Case | G86: 7016 | O86: =N86*G86 -> 0
A87: 3 | B87: 77 | C87: Waste Disposal | D87: Refuse Sack, 25" x 30" x 100 Gauge, Clear, Swing Bin Liner | E87: Refuse Sack, Clear, Min. 63cm x 76cm (25'' x 30''), Min. 100 gauge (25 micron), Tear resistant, Puncture resistant, Leak proof seals. Must be compatible with 48-50L swing bin on this list. Case of approx. 100 bags | F87: Per Case | G87: 33468 | O87: =N87*G87 -> 0
A88: 3 | B88: 78 | C88: Waste Disposal | D88: Refuse Sack, 26" x 36" x 100 Gauge, Compostable, Clear | E88: Refuse Sack, Compostable, Clear, Min. 65cm x 89cm (26'' x 36''), Min. 100 gauge (25 micron) Must be capable of holding up to 10 kgs of waste OR meets Cleaning and Hygiene Association (CHSA) Refuse Sack 'Medium Duty' Standard. Tear resistant, Puncture resistant, Leak proof seals, Must break down into carbon dioxide, water, inorganic compounds and biomass. Must degrade at the same rate as cellulose (paper). Biodegradation must not produce any toxic material, must support plant growth and must distintgrate to be indistinguishable in the compost. 90% compostable in 6 months (in accordance with standard EN13432). Case of approx. 100 bags | F88: Per Case | G88: 1597 | O88: =N88*G88 -> 0
A89: 3 | B89: 79 | C89: Waste Disposal | D89: Refuse Sack, 26" x 44" x 200 Gauge, Clear | E89: Min. Size 66cm x 112cm (26'' x 44'') clear, Strength: MUST hold up to 15kgs of waste. min. 200 gauge (62.5 micron) OR meets Cleaning and Hygiene Association (CHSA) Refuse Sack 'Heavy Duty' Standard. Tear resistant, puncture resistant, must be capable of capable of holding up to 15kgs of waste. Case of approx. 200 bags | F89: Per Case | G89: 35992 | O89: =N89*G89 -> 0
A90: 3 | B90: 80 | C90: Waste Disposal | D90: Refuse Sack, 38" x 46" x 100 Gauage, Clear, Compactor Sack | E90: Refuse Sack, Clear, Min. 96cm x 117cm (38'' x 46''), Min. 100 gauge (25 micron), Must be capable of holding hold up to 15kgs of waste OR meets Cleaning and Hygiene Association (CHSA) Refuse Sack 'Heavy Duty' Standard, Tear resistant, puncture resistant. Case of approx. 100 bags | F90: Per Case | G90: 120 | O90: =N90*G90 -> 0
... A116: 3 | B116: 106 | C116: Waste Disposal | D116: Refuse Sack, 26" x 44" x 200 Gauge Black | E116: Min. Size: 66cm x 112cm (26'' x 44'') black, Strength: MUST hold up to 20kg of waste. Min. 200 gauge OR meets Cleaning and Hygiene Association (CHSA) Refuse Sack 'Extra Heavy Duty' Standard. Tear resistant, puncture resistant. Case of approx. 200 bags | F116: Per Case | G116: 3240 | O116: =N116*G116 -> 0
O117: =SUM(O11:O116) -> 0

Sheet Lot 4
A1: Contract: | D1: FCL033F Framework - Cleaning, Paper, Personal Hygiene & Period Equality Products
A2: Lot Number: 4 | D2: Health Organisations | E2: Period Equality Products
A3: Tenderers Name: | D3: ='Lot Summary '!B2 -> 0
A5: Please ensure that you read all instructions in Appendix 2: Pricing Schedule from page 72 of the "FCL033F RFT". Any Tenderer who does not follow these instructions may be eliminated from the competition.
H7: Required for all Products | S7: Select
S8: Yes
A9: Lot Number | B9: OGP Product Number | C9: Area | D9: Product Description | E9: Product Specifications | F9: Unit of Measure (UOM) | G9: Estimated annual Volumes | H9: Supplier Product Code | I9: Country of Origin | J9: Prospective Product Description | K9: Prospective Case Size (For information purposes only) | M9: Price For Full Size Case | N9: Price as Per Unit of Measure (Column F) | O9: Annualised Unit Price for each Good based on unit of measure in column F | P9: Delivery UOM e.g. (Case, Box) | Q9: Green Criteria Compliant (Y/N) | R9: Green Criteria Rationale | S9: No
A10: Example Row | C10: Period Equality | D10: Sanitary Pads- Light Flow | E10: Regular: Size and absorbent capacity must be suitable for normal flow. Regular size should have length 180mm to 220mm and width excluding wings shall be 60mm–100mm. Absorbency shall be 15-20ml. | F10: Per 100 Pack | G10: 100 | H10: 12345 | I10: Ireland | J10: Sanitary Pads- Light Flow (brand) | K10: 150 pack | L10: 5 | M10: 70 | N10: 9.33 | O10: 933 | P10: Case | Q10: Y | R10: List all green elements linked to the product
A11: 4 | B11: 1 | C11: Period Equality | D11: Free Dispensing Machines | E11: Coin free Dispensing Machine. Dual column with two stock lines at a minimum. Vandal resistant cover. Minimum size 31 x 73 x 8.5cm. Colour White. MUST BE AVAILABLE FREE ON LOAN | F11: Per Piece. | G11: N/A | O11: 0
A12: 4 | B12: 2 | C12: Period Equality | D12: Basket | E12: Basket Type Holder | F12: Per Piece. | G12: 85 | O12: =N12*G12 -> 0
A13: 4 | B13: 3 | C13: Period Equality | D13: Sanitary Pads- Light Flow | E13: Regular: Size and absorbent capacity must be suitable for normal flow. Regular size should have length 180mm to 220mm and width excluding wings shall be 60mm–100mm. Absorbency shall be 15-20ml. | F13: Per 100 Pack | G13: 2582 | O13: =N13*G13 -> 0
A14: 4 | B14: 4 | C14: Period Equality | D14: Sanitary Pads- Medium Flow | E14: Large: Size and absorbent capacity must be suitable for moderate flow. Large size with length 220mm to 260mm and width excluding wings shall be 60mm–100mm. Absorbency shall be 20-30 m | F14: Per 100 Pack | G14: 80853 | O14: =N14*G14 -> 0
A15: 4 | B15: 5 | C15: Period Equality | D15: Sanitary Pads- Heavy Flow | E15: Extra Large: Size and absorbent capacity must be suitable for heavy flow. Extra-large size with length 260mm to 300mm and width excluding wings shall be 60mm–100mm. Absorbency shall be 30-40 ml w | F15: Per 100 Pack | G15: 5800 | O15: =N15*G15 -> 0
A16: 4 | B16: 6 | C16: Period Equality | D16: Reusable Sanitary Pads -Light Flow - Environmentally Friendly | E16: Regular: Size and absorbent capacity must be suitable for light flow. Regular size should have length 180mm to 220mm and width excluding wings shall be 60mm–100mm. Absorbency shall be 15-20ml when measured as per standard unicef test. | F16: Per 10 Pack | G16: 400 | O16: =N16*G16 -> 0
A17: 4 | B17: 7 | C17: Period Equality | D17: Reusable Sanitary Pads -Medium Flow - Environmentally Friendly | E17: Large: Size and absorbent capacity must be suitable for moderate flow. Large size with length 220mm to 260mm and width excluding wings shall be 60mm–100mm. Absorbency shall be 20-30 ml when measured as per standard unicef test. | F17: Per 10 Pack | G17: 70 | O17: =N17*G17 -> 0
A18: 4 | B18: 8 | C18: Period Equality | D18: Reusable Sanitary Pads - Heavy Flow - Environmentally Friendly | E18: Extra Large: Size and absorbent capacity must be suitable for heavy flow. Extra-large size with length 260mm to 300mm and width excluding wings shall be 60mm–100mm. Absorbency shall be 30-40 ml when measured as per standard unicef test. | F18: Per 10 Pack | G18: 100 | O18: =N18*G18 -> 0
A19: 4 | B19: 9 | C19: Period Equality | D19: Menstrual Tampon - Light Flow | E19: Absorbent capacity up to 3ml. Non-applicator form. | F19: Per 100 Pack | G19: 1370 | O19: =N19*G19 -> 0
A20: 4 | B20: 10 | C20: Period Equality | D20: Menstrual Tampon - Medium Flow | E20: Absorbent capacity up to 5ml. Non-applicator form. | F20: Per 100 Pack | G20: 44770 | O20: =N20*G20 -> 0
A21: 4 | B21: 11 | C21: Period Equality | D21: Menstrual Tampon - Heavy Flow | E21: Absorbent capacity up to 12ml. Non-applicator form. | F21: Per 100 Pack | G21: 3587 | O21: =N21*G21 -> 0
A22: 4 | B22: 12 | C22: Period Equality | D22: Menstrual Tampon - Light Flow - Environmentally Friendly | E22: Made from 90% certified organic material. Compostable, Toxin-free, and Chemical-free. 90% recyclable applicators. Regular absorbency 6-9 grams. Super absorbency 9-12 grams. Applicator form. | F22: Per 100 Pack | G22: 461 | O22: =N22*G22 -> 0
A23: 4 | B23: 13 | C23: Period Equality | D23: Menstrual Tampon - Medium Flow - Environmentally Friendly | E23: Made from 90% certified organic material. Compostable, Toxin-free, and Chemical-free. 90% recyclable applicators. Regular absorbency 6-9 grams. Super absorbency 9-12 grams. Applicator form. | F23: Per 100 Pack | G23: 1810 | O23: =N23*G23 -> 0
... A32: 4 | B32: 22 | C32: Period Equality | D32: Menstrual Support Package | E32: Packaging Requirements. All contents packed within one single outer box, sealed for issue as a complete unit. Menstrual Tampon - Medium Flow - Environmentally Friendly (Made from 90% certified organic material. Compostable, Toxin-free, and Chemical-free. 90% recyclable applicators. Regular absorbency 6-9 grams. Super absorbency 9-12 grams. Applicator form.) x 1 Menstrual Tampon - Heavy Flow - Environmentally Friendly Made from 90% certified organic material. Compostable, Toxin-free, and Chemical-free. 90% recyclable applicators. Regular absorbency 6-9 grams. Super absorbency 9-12 grams. Applicator form x 1 Sanitary Pads- Medium Flow - Large: Size and absorbent capacity must be suitable for moderate flow. Large size with length 220mm to 260mm and width excluding wings shall be 60mm–100mm. Absorbency shall be 20-30m x 1 Sanitary Pads- Heavy Flow - Extra Large: Size and absorbent capacity must be suitable for heavy flow. Extra-large size with length 260mm to 300mm and width excluding wings shall be 60mm–100mm. Absorbency shall be 30-40 ml w x 1 Wipes - Wet Wipes Personal Pack = 15 to 30 individual wipes per pack x 5 | F32: Per Single box | G32: 50 | O32: =N32*G32 -> 0
O33: =SUM(O11:O32) -> 0

Sheet Lot 5
A1: Contract: | D1: FCL033F Framework - Cleaning, Paper, Personal Hygiene & Period Equality Products
A2: Lot Number: 5 | D2: All Client Organisations (apart from Health) | E2: Cleaning Supplies Products
A3: Tenderers Name: | D3: ='Lot Summary '!B2 -> 0
A5: Please ensure that you read all instructions in Appendix 2: Pricing Schedule from page 72 of the "FCL033F RFT". Any Tenderer who does not follow these instructions may be eliminated from the competition.
H7: Required for all Products | V7: Select
S8: Required for Biocidal Products | V8: Yes
A9: Lot Number | B9: OGP Product Number | C9: Area | D9: Product Description | E9: Product Specifications | F9: Unit of Measure (UOM) | G9: Estimated annual Volumes | H9: Supplier Product Code | I9: Country of Origin | J9: Prospective Product Description | K9: Prospective Case Size (For information purposes only) | M9: Price For Full Size Case | N9: Price as Per Unit of Measure (Column F) | O9: Annualised Unit Price for each Good based on unit of measure in column F | P9: Delivery UOM e.g. (Case, Box) | Q9: Green Criteria Compliant (Y/N) | R9: Green Criteria Rationale | S9: Insert a PCS, IE/BPA or EU Number | T9: Insert link to the biocidal product on the DAFM Register | V9: No
A10: Example Row | C10: Housekeeping | D10: Metal polish, Multi-purpose | E10: Bottle, Suitable for a variety of metals including brass, copper, stainless steel, chrome, pewter, and bronze. | F10: Per 500ml | G10: 100 | H10: 12345 | I10: Ireland | J10: Metal polish, Multi-purpose (brand) | K10: 600ml | L10: 6 | M10: 10.8 | N10: 1.5 | O10: 150 | P10: Case | Q10: Y | R10: List all green elements linked to the product | S10: If applicable, add the details | T10: If applicable, add the details
A11: 5 | B11: 1 | C11: Floor Cleaning | D11: Concentrated Floor Cleaner | E11: Concentrate pouch/bottle/cartridge, for refilling ready to use spray bottles, concentrate suitable for cleaning protected and unprotected floors. If a separate dosing system/dispenser is required then it must be provided free of charge. | F11: Per 5 ltr. pouch/bottle/cartridge. | G11: 33 | O11: =N11*G11 -> 0
A12: 5 | B12: 2 | C12: Floor Cleaning | D12: Concentrated Floor Degreaser | E12: Concentrate pouch/bottle/cartridge, for dispenser for refilling ready to use spray bottles, concentrate suitable for cleaning and degreasing floors. If a separate dosing system/dispenser is required then it must be provided free of charge. | F12: Per 5 ltr. pouch/bottle/cartridge. | G12: 33 | O12: =N12*G12 -> 0
A13: 5 | B13: 3 | C13: Floor Cleaning | D13: Floor Polish, Emulsion and Maintainer | E13: 5 Ltr Container Triple polymer formulation with 18% solids, suitable for use on all sealed floors to protect & clean all in one operation. Used for spraying and buffing, damp mopping or machine scrubbing. | F13: Per 5 ltr. | G13: 275 | O13: =N13*G13 -> 0
A14: 5 | B14: 4 | C14: Floor Cleaning | D14: Floor Polish, High gloss, slip resistant metallised emulsion | E14: 5 Ltr Container triple polymer formulation with 22% solids, Suitable for most types of smooth and water resistant hard floors including Vinyl, Thermoplastic, Rubber, Linoleum, Marble and Terrazzo. Suitable for very heavy traffic areas. | F14: Per 5 ltr. | G14: 120 | O14: =N14*G14 -> 0
A15: 5 | B15: 5 | C15: Floor Cleaning | D15: Floor Polish Stripper, No scrub, no rinse floor polish stripper | E15: 5 Ltr Container Alkali stripper for removing all emulsion floor polish, suitable for use on all resiliant floors (excluding wood), | F15: Per 5 ltr. | G15: 52 | O15: =N15*G15 -> 0
A16: 5 | B16: 6 | C16: Floor Cleaning | D16: Floor Cleaner, Fragranced PH neutral detergent | E16: pH Neutral Floor Cleaner, 5 Ltr Container, Liquid gel detergent cleaner/deodoriser, lightly/mildly fragranced, suitable for cleaning protected and unprotected floors. | F16: Per 5 ltr. | G16: 67 | O16: =N16*G16 -> 0
A17: 5 | B17: 7 | C17: Floor Cleaning | D17: Handle, 1200mm - 1350mm (48''-54'') Wooden Handle - 24mm (15/16'') | E17: 1200mm - 1350mm (48''-54'') Hard Wood Handle, smooth rounded edge, varnished, 24mm (15/16'') diameter, FSC certified (or equivalent), Must be compatible with wooden 250-300mm brush/broom heads on this list. | F17: Per Piece | G17: 10 | O17: =N17*G17 -> 0
A18: 5 | B18: 8 | C18: Floor Cleaning | D18: Handle, 1200mm - 1350mm (48''-54'') Wooden Handle - 29mm (1 1/8'') | E18: 1200mm - 1350mm (48''-54'') Hard Wood Handle, smooth rounded edge, varnished, 29mm (1 1/8'') diameter, FSC certified (or equivalent), , Must be compatible with wooden 450-500mm brush/broom heads on this list. | F18: Per Piece | G18: 33 | O18: =N18*G18 -> 0
A19: 5 | B19: 9 | C19: Floor Cleaning | D19: Handle, 1200mm - 1350mm Broom Handle - Asstd. Colours | E19: 1200mm-1350mm (48''-54'') ergonomic handle with comfort grip and rounded top with hanger. Aluminium or metal composite or vinyl covered steel construction, Asstd. Colours must include: Blue, Green, Red, White, Yellow., , Must be compatible with plastic broom heads on this list. | F19: Per Piece | G19: 42 | O19: =N19*G19 -> 0
A20: 5 | B20: 10 | C20: Floor Cleaning | D20: Brush Head, 250-300mm Wooden Sweeping Brush Head - Medium | E20: 250mm(10")-300mm (12'') hardwood backed head, medium stiffness nylon bristles, FSC certified (or equivalent), standard brush depth, 1 piece screw socket for 15/16'' handle, Must be suitable for indoor and outdoor use. | F20: Per Piece | G20: 43 | O20: =N20*G20 -> 0
A21: 5 | B21: 11 | C21: Floor Cleaning | D21: Brush Head, 275mm - 300mm Plastic Soft Broom Head - Asstd. Colours | E21: 275mm - 300mm (11''- 12''), moulded 1 piece screw socket for handle, nylon bristles, assorted colours must include Blue, Red, Green, Yellow, Must be autoclavable to 134 degrees C. | F21: Per Piece | G21: 86 | O21: =N21*G21 -> 0
A22: 5 | B22: 12 | C22: Floor Cleaning | D22: Brush Head, 275mm - 300mm Plastic Stiff Broom Head - Asstd. Colours | E22: 275mm - 300mm (11''- 12''), moulded 1 piece screw socket for handle, nylon bristles, assorted colours must include Blue, Red, Green, Yellow, Must be autoclavable to 134 degrees C. | F22: Per Piece | G22: 34 | O22: =N22*G22 -> 0
... A174: 5 | B174: 164 | C174: Laundry | D174: Biological Laundry Powder Detergent | E174: Biological laundry powder detergent supplied in a commercial pack. Suitable for use in commercial, healthcare, educational and institutional laundry environments. Product must contain enzymes to assist in the effective removal of protein-based stains, fats, oils and general soiling. Suitable for laundering white and colourfast fabrics and capable of delivering effective cleaning performance across a range of wash temperatures and water conditions. Product must help maintain fabric appearance and freshness throughout repeated wash cycles. Suitable for use in commercial washing machines and standard laundry processes. Product must rinse effectively and leave fabrics clean, fresh and free from excessive residue. | F174: Per 8.4kg | G174: 88 | O174: =N174*G174 -> 0
O175: =SUM(O11:O174) -> 0

Sheet Lot 6
A1: Contract: | D1: FCL033F Framework - Cleaning, Paper, Personal Hygiene & Period Equality Products
A2: Lot Number: 6 | D2: All Client Organisations (apart from Health) | E2: Paper Products
A3: Tenderers Name: | D3: ='Lot Summary '!B2 -> 0
A5: Please ensure that you read all instructions in Appendix 2: Pricing Schedule from page 72 of the "FCL033F RFT". Any Tenderer who does not follow these instructions may be eliminated from the competition.
H7: Required for all Products | S7: Select
S8: Yes
A9: Lot Number | B9: OGP Product Number | C9: Area | D9: Product Description | E9: Product Specifications | F9: Unit of Measure (UOM) | G9: Estimated annual Volumes | H9: Supplier Product Code | I9: Country of Origin | J9: Prospective Product Description | K9: Prospective Case Size (For information purposes only) | M9: Price For Full Size Case | N9: Price as Per Unit of Measure (Column F) | O9: Annualised Unit Price for each Good based on unit of measure in column F | P9: Delivery UOM e.g. (Case, Box) | Q9: Green Criteria Compliant (Y/N) | R9: Green Criteria Rationale | S9: No
A10: Example Row | C10: Paper Hygiene | D10: Kitchen Cleaning Cloth | E10: Highly absorbent cloth , white in colour, Heat resistant up to 250°c food contact approved , min sheet size ( e.g, 42.8cm Length x 35.5 cm Wide or similar dimensions equal to min area of 1519cm2). Product must be OK Biobased certified. | F10: 300 per pack | G10: 100 | H10: 12345 | I10: Ireland | J10: Kitchen Cleaning Cloth (brand) | K10: 350 pack | L10: 5 | M10: 50 | N10: 8.57 | O10: 857 | P10: Case | Q10: Y | R10: List all green elements linked to the product
A11: 6 | B11: 1 | C11: Paper Hygiene | D11: Hand Towel, 1 Ply, Flushable Hand Towel, White | E11: Interfolded, Min. Size: 400cm2 per sheet (e.g.20cm length x 20cm width or similar dimensions equal to min. of 400cm2), min. weight 16gsm, must dispense 1 at a time touched only by user. Must dissolve in cold water. Must be Forest Stewardship Council (FSC), Eu Ecolabel certified or equivalent. Must be Elemental Chlorine Free (ECF) or Totally Chlorine Free (TCF). Must be flushable and dissolve rapidly and fully in water to prevent drain blockage. Approx. 250 Towels per sleeve. | F11: 15 units x 250 sheets per pack | G11: 7515 | O11: =N11*G11 -> 0
A12: 6 | B12: 2 | C12: Paper Hygiene | D12: Hand Towel, 1 Ply, Standard Hand Towel, White | E12: Interfolded, Min. Size: 504 cm2 per sheet (e.g.24 cm length x 21cmwidth or similar dimensions equal to min. of 504cm2) Must dispense 1 at a time touched only by user. Must be compatabile with interfolded dispenser on contract Must not break up when wet. Must be Forest Stewardship Council (FSC), Eu Ecolabel certified or equivalent. Must be Elemental Chlorine Free (ECF) or Totally Chlorine Free (TCF). Approx. 250 Towels per sleeve. | F12: 12 units x 250 sheets per pack | G12: 15126 | O12: =N12*G12 -> 0
A13: 6 | B13: 3 | C13: Paper Hygiene | D13: Toilet Roll, 2 Ply Mini Jumbo Toilet Roll, White | E13: Min. Size: 180 cm2 per sheet (e.g. 9.cm x 20cm length or similar dimensions equal to min. area of 180cm2), embossed or creped finish, min. weight 30gsm, perforated, 3'' core, 1000-1250 sheets per roll, 200m - 250m per roll / 12 rolls per case. MUST DISSOLVE IN COLD WATER. Must be Forest Stewardship Council (FSC), Eu Ecolabel certified or equivalent. Must be Elemental Chlorine Free (ECF) or Totally Chlorine Free (TCF). Manufacturers certified specifications must be available (will be verified before contract award). | F13: 12 rolls x 200m per pack | G13: 12426 | O13: =N13*G13 -> 0
A14: 6 | B14: 4 | C14: Paper Hygiene | D14: Toilet Roll, 2 Ply Centrepull Toilet Roll - White | E14: Single sheet presentation, Min. sheet size: 234cm2 (e.g. 13cm x 18cm length or similar dimensions equal to min. area of 234cm2), min. weight 32gsm, perforated, 44mm - 50mm core, embossed or creped finish, 1000-1250 sheets per roll, 200m - 210 m per roll / 6 rolls per case. MUST DISSOLVE IN COLD WATER. Must be Forest Stewardship Council (FSC), Eu Ecolabel certified or equivalent. Must be Elemental Chlorine Free (ECF) or Totally Chlorine Free (TCF). Manufacturers certified specifications must be available (will be verified before contract award). | F14: 6 rolls x 207m per pack. | G14: 13462 | O14: =N14*G14 -> 0
A15: 6 | B15: 5 | C15: Paper Hygiene | D15: Wiper roll , 2 Ply, Centrefeed Blue | E15: Size: Each Sheet: 18-21 cm (w) x 36-39 cm (L), min. weight 32gsm, perforated, 300-400 Sheets per roll ( = 108-156 mtr. roll). Suitable for wet or dry use. Must be Forest Stewardship Council (FSC), Eu Ecolabel certified or equivalent. Must be Elemental Chlorine Free (ECF) or Totally Chlorine Free (TCF). Must be suitable for general purpose use. . Must be Food Contact approved | F15: 6 rolls x 150m per pack. | G15: 20520 | O15: =N15*G15 -> 0
A16: 6 | B16: 6 | C16: Paper Hygiene | D16: Facial Tissue, 2 Ply, Facial Tissues, White | E16: Size: Each sheet: 18-22cm (w) x 20-23cm (w), pop up box, 90-120 tissues per box. Suitable for wet or dry use. Must be Forest Stewardship Council (FSC), Eu Ecolabel certified or equivalent. Must be Elemental Chlorine Free (ECF) or Totally Chlorine Free (TCF). | F16: 30 units x 100 per pac | G16: 2170 | O16: =N16*G16 -> 0
A17: 6 | B17: 7 | C17: Paper Hygiene | D17: Wiper, 1 Ply, Large Wiper, White | E17: Interfolded, Min. Size:1435cm2 per sheet (e.g. 41cm x 35cm )or similar dimensions equal to min. of 1435cm2), Min. weight 60 gsm, Nonwoven low lint construction, Pop up box / brag box or equivalent. Must be highly absorbant - must not break up when 100% saturated. Must be Forest Stewardship Council (FSC), Eu Ecolabel certified or equivalent. Must be Elemental Chlorine Free (ECF) or Totally Chlorine Free (TCF). Must be suitable for mopping up / absorbing large spills including solvents, inks, oils and paints. Per Box of 210 - 300 sheets per box. | F17: Per Box 210 | G17: 104 | O17: =N17*G17 -> 0
A18: 6 | B18: 8 | C18: Paper Hygiene | D18: Hand Towel, 2 Ply, Hand Towel, White | E18: Interfolded, Min. Size: 529cm2 per sheet (e.g.23cm length x 23cm width or similar dimensions equal to min. of 529cm2), Min. weight 32gsm, must dispense 1 at a time touched only by user. Must not break up when wet. Must be Forest Stewardship Council (FSC), Eu Ecolabel certified or equivalent. Must be Elemental Chlorine Free (ECF) or Totally Chlorine Free (TCF). Per Pack of 200/350. | F18: 20 x 200 towels per pack / box | G18: 125 | O18: =N18*G18 -> 0
A19: 6 | B19: 9 | C19: Paper Hygiene | D19: Hand Towel, 1 Ply, Standard Hand Towel, Blue | E19: Interfolded, Min. Size: 630cm2 per sheet (e.g.31.5cm length x 20cm width or similar dimensions equal to min. of 630cm2), Min. weight 16gsm, must dispense 1 at a time touched only by user. Must not break up when wet. Must be Forest Stewardship Council (FSC), Eu Ecolabel certified or equivalent. Must be Elemental Chlorine Free (ECF) or Totally Chlorine Free (TCF). Per Pack of 250. | F19: 12 x 250 Per Box/Pack | G19: 1033 | O19: =N19*G19 -> 0
A20: 6 | B20: 10 | C20: Paper Hygiene | D20: Hand Towel, 3 Ply, Hand Towel, White | E20: Interfolded, Min. Size: 651cm2 per sheet (e.g.31cm length x 21cm width or similar dimensions equal to min. of 651cm2), Min. weight 48gsm, must dispense 1 at a time touched only by user. Must not break up when wet. Must be Forest Stewardship Council (FSC), Eu Ecolabel certified or equivalent. Must be Elemental Chlorine Free (ECF) or Totally Chlorine Free (TCF). Per Pack of 100/150. | F20: 21 x 100 towels per case | G20: 2626 | O20: =N20*G20 -> 0
A21: 6 | B21: 11 | C21: Paper Hygiene | D21: Hand Towel, 1 Ply, Large Hand Towel, White | E21: Interfolded, Min. Size: 713cm2 per sheet (e.g.31cm length x 23cm width or similar dimensions equal to min. of 713cm2), Min. weight 16gsm, embossed or crepe finish, must dispense 1 at a time touched only by user. Must not break up when wet. Must be Forest Stewardship Council (FSC), Eu Ecolabel certified or equivalent. Must be Elemental Chlorine Free (ECF) or Totally Chlorine Free (TCF). Per Pack of 250. | F21: Per Pack of 250 | G21: 660 | O21: =N21*G21 -> 0
A22: 6 | B22: 12 | C22: Paper Hygiene | D22: Wiper, 1 Ply, Standard Wiper, White | E22: 1/4 folded, Min. Size: 1039cm2 per sheet (e.g. 31.5cm x 33cm or similar dimensions equal to min. of 1039cm2), Min. weight 16gsm, low lint construction, embossed or creped finish. Must be highly absorbant - must not break up when 100% saturated. Must be Forest Stewardship Council (FSC), Eu Ecolabel certified or equivalent. Must be Elemental Chlorine Free (ECF) or Totally Chlorine Free (TCF). Per Pack of 55/100. | F22: Per Pack of 60 | G22: 1632 | O22: =N22*G22 -> 0
... A37: 6 | B37: 27 | C37: Paper Hygiene | D37: Toilet Roll, 3 Ply Domestic Toilet Roll - White | E37: Min. Sheet Size: 11cm width x 19cm length or similar dimensions equal to min. area of 209cm2, embossed or creped finish, perforated, Min. 45mm core, 150-200 sheets per roll. Must dissolve in cold water. Must be Forest Stewardship Council (FSC), Eu Ecolabel certified or equivalent. Must be Elemental Chlorine Free (ECF) or Totally Chlorine Free (TCF). | F37: 40 rolls per pack | G37: 703 | O37: =N37*G37 -> 0
A38: 6 | B38: 28 | C38: Paper Hygiene | D38: Dispenser for Couch Roll/Wiper, 2 Ply 10'' Wiper Towel/Couch Roll | E38: Easy pull, wall mountable, white / blue or semi transparent heavy duty plastic, fully concealed roll, lockable, easy clean finish., Must be compatible with 2 ply 10'' wiper roll on this list, MUST BE AVAILABLE FREE ON LOAN. | F38: Per Piece | G38: N/A | O38: 0
A39: 6 | B39: 29 | C39: Paper Hygiene | D39: Dispenser for Couch Roll/Wiper, 2Ply 20'' Wiper Towel/Couch Roll | E39: Easy pull, wall mountable, white / blue or semi transparent heavy duty plastic, fully concealed roll, lockable, easy clean finish., Must be compatible with 2 ply 20'' wiper roll on this list, MUST BE AVAILABLE FREE ON LOAN. | F39: Per Piece | G39: N/A | O39: 0
A40: 6 | B40: 30 | C40: Paper Hygiene | D40: Dispenser, Garage Roll, Garage Roll | E40: Floor standing, min. height 95cms, easy pull, steel or heavy duty plastic construction. Must be compatible with item 1 Ply garage roll on this list. MUST BE AVAILABLE FREE ON LOAN. | F40: Per Piece | G40: N/A | O40: 0
A41: 6 | B41: 31 | C41: Paper Hygiene | D41: Dispenser, Hand Towel Dispenser, 2 Ply or 1 ply Hand Towel Interfold | E41: Interfold dispenser, white or blue or semi transparent heavy duty plastic, easy clean finish, window, single sheet dispensing without need to touch dispenser, overfill prevention, lockable., Must be compatible with interfolded 2 ply and 1 ply interfold hand towels on this list, MUST BE AVAILABLE FREE ON LOAN. | F41: Per Piece | G41: N/A | O41: 0
A42: 6 | B42: 32 | C42: Paper Hygiene | D42: Dispenser, Hand Towel Dispenser, 3 Ply Hand Towel | E42: Singlefold dispenser, white / blue or semi transparent heavy duty plastic, easy clean finish, window, single sheet dispensing without need to touch dispenser, overfill prevention, lockable. Must be compatible with interfolded 3 ply hand towels on this list. MUST BE AVAILABLE FREE ON LOAN. | F42: Per Piece | G42: N/A | O42: 0
A43: 6 | B43: 33 | C43: Paper Hygiene | D43: Dispenser, Hand Towel Dispenser, 2 Ply Hand Towel Roll | E43: Easy pull, single sheet presenting without need to touch dispenser, fully concealed roll, white / blue or semi transparent heavy duty plastic, easy clean finish, window, lockable. Must be compatible hand towel rolls on this list, MUST BE AVAILABLE FREE ON LOAN. | F43: Per Piece | G43: N/A | O43: 0
A44: 6 | B44: 34 | C44: Paper Hygiene | D44: Dispenser , Toilet Roll Dispenser, 2 Ply Centrepull Toilet Roll | E44: Single sheet presentation, Stainless steel or white/ blue heavy duty plastic, easy clean finish, window, self presenting dispensing without need to touch dispenser, window, concealed refill, lockable. Must be compatible with 2 ply centrepull toilet roll on this list, MUST BE AVAILABLE FREE ON LOAN. | F44: Per Piece | G44: N/A | O44: 0
A45: 6 | B45: 35 | C45: Paper Hygiene | D45: Dispenser, Toilet Roll Dispenser, Single Mini Jumbo Toilet Roll | E45: SINGLE toilet roll dispenser, stainless steel or white / blue heavy duty plastic, easy clean finish, window, self presenting dispensing without need to touch dispenser, window, concealed refills, lockable. Must be compatible with items 1 ply and 2 ply mini jumbo toilet rolls on this list, MUST BE AVAILABLE FREE ON LOAN. | F45: Per Piece | G45: N/A | O45: 0
A46: 6 | B46: 36 | C46: Paper Hygiene | D46: Dispenser, Toilet Roll Dispenser, Extra Large Jumbo Toilet Roll | E46: Stainless steel or white / blue heavy duty plastic, easy clean finish, window, reinforced teeth, self presenting dispensing without need to touch dispenser, window, concealed refill, lockable. Must be compatible with extra large jumbo toilet roll on this list, MUST BE AVAILABLE FREE ON LOAN. | F46: Per Piece | G46: N/A | O46: 0
A47: 6 | B47: 37 | C47: Paper Hygiene | D47: Dispenser, Toilet Roll Dispenser, Twin Midi Jumbo Toilet Roll | E47: TWIN roll toilet dispenser, stainless steel or white / blue heavy duty plastic, easy clean finish, window, self presenting dispensing without need to touch dispenser, window, concealed refills, lockable. Must be compatible with midi jumbo toilet roll on this list, MUST BE AVAILABLE FREE ON LOAN. | F47: Per Piece | G47: N/A | O47: 0
A48: 6 | B48: 38 | C48: Paper Hygiene | D48: Dispenser, Toilet Roll Dispenser, 2 Ply Domestic/Conventional Toilet Roll | E48: Twin small roll toilet dispenser, stainless steel or white / blue heavy duty plastic, easy clean finish, window, self presenting dispensing without need to touch dispenser, window, concealed refills, lockable. Must be compatible with 2 ply domestic/conventional toilet rolls on this list. MUST BE AVAILABLE FREE ON LOAN. | F48: Per Piece | G48: N/A | O48: 0
A49: 6 | B49: 39 | C49: Paper Hygiene | D49: Dispenser, Toilet Tissue Dispenser, 2 Ply Toilet Tissue | E49: Dispenser, white / blue or semi transparent metal or heavy duty plastic, easy clean finish, window, single sheet dispensing without need to touch dispenser, overfill prevention, fully concealed refill, lockable. Must be compatible with 2 ply toilet tissues on this list. MUST BE AVAILABLE FREE ON LOAN. | F49: Per Piece | G49: N/A | O49: 0
A50: 6 | B50: 40 | C50: Paper Hygiene | D50: Z fold/Interfolded Hand Towel | E50: Interfolded Multifold HT 2P Z -Min size 21.3 x 24cm Approx. 180 sheets per pack or similar Min Grammage 42g Must dispense one at time only touched by user from z fold/interfold dispenser on contract . Must not break up when wet . Must be Forest Stewardship Council (FSC), Eu Ecolabel certified or equivalent. Must be Elemental Chlorine Free (ECF) or Totally Chlorine Free (TCF). Food contact approved | F50: 21 packs x 180 per case | G50: 22454 | O50: =N50*G50 -> 0
A51: 6 | B51: 41 | C51: Paper Hygiene | D51: Hand Towel Roll 2 ply white | E51: Hand Towel Soft 2Ply white must be minimum length 150metre Min width 21cm must dispense 1 at a time touched only by user. Must be compatible with a Roll handtowel dispenser on contract Must not break up when wet. Must be Forest Stewardship Council (FSC), Eu Ecolabel certified or equivalent. Must be Elemental Chlorine Free (ECF) or Totally Chlorine Free (TCF). | F51: 6 x 150metre per pack | G51: 17091 | O51: =N51*G51 -> 0
A52: 6 | B52: 42 | C52: Paper Hygiene | D52: Mini Toilet Roll Centrepull | E52: Single sheet presentation, 2 ply white Min. sheet size: 234cm2 (e.g. 13cm x 18cm length or similar dimensions equal to min. area of 234cm2), min. weight 32gsm, perforated, 44mm - 50mm core, embossed or creped finish, 600 and 620 sheets sheets per roll, 111m approx per roll / 12 rolls per case. MUST DISSOLVE IN COLD WATER. Must be Forest Stewardship Council (FSC) or Eu Ecolabel certified. Must be Elemental Chlorine Free (ECF) or Totally Chlorine Free (TCF). | F52: 12 x 620 sheets per pack | G52: 26241 | O52: =N52*G52 -> 0
A53: 6 | B53: 43 | C53: Paper Hygiene | D53: Mini Double Toilet Tissue Dispenser White | E53: Single sheet presentation, twin, white heavy duty plastic, easy clean finish, window, self presenting dispensing without need to touch dispenser, transparent at bottom, concealed refill, lockable. Must be compatible with 2 ply mini centrepull toilet roll on this list aprrox 111m long, approx 13,4cm wide. MUST BE AVAILABLE FREE ON LOAN | F53: Per Piece | G53: N/A | O53: 0
A54: 6 | B54: 44 | C54: Paper Hygiene | D54: Twin Coreless Mid-size Toilet Roll Dispenser white | E54: High Capacity white Twin roll dispenser,tranparent at bottom,lockable and top up in use. Easy to clean design. Only one is roll is accessible at any time. Must be compatible with coreless toilet tissue on this list.Approx 94-110m long, 9,3cm wide. MUST BE AVAILABLE FREE ON LOAN | F54: Per Piece | G54: N/A | O54: 0
A55: 6 | B55: 45 | C55: Paper Hygiene | D55: Twin Coreless Mid-size Toilet Roll Dispenser Black | E55: High Capacity black Twin roll dispenser,tranparent at bottom,lockable and top up in use. Easy to clean design. Only one is roll is accessible at at time. Must be compatible with coreless toilet tissue on this list..Approx 103m long, 9,3cm wide. MUST BE AVAILABLE FREE ON LOAN | F55: Per Piece | G55: N/A | O55: 0
A56: 6 | B56: 46 | C56: Paper Hygiene | D56: Wiper Dispenser /Turquoise | E56: Single sheet presentation, flow restrictor, Robust design, Easy-to-clean design featuring removable hood, self presenting dispensing without need to touch dispenser, transparent, concealed refill, lockable. Must be compatible with 2 ply roll ,Approx 150m long ,19.4cm wide. MUST BE AVAILABLE FREE ON LOAN | F56: Per Piece | G56: N/A | O56: 0
A57: 6 | B57: 47 | C57: Paper Hygiene | D57: Hand Towel Roll Dispenser | E57: Single sheet presentation, white robust plastic, easy clean finish, transparent at bottom , self presenting dispensing without need to touch dispenser, hygienic as only touch the towel you use, concealed refill, lockable. Exterior refill level indicator Must be compatible with 2 ply roll on this list 150m long ,21cm wide. MUST BE AVAILABLE FREE ON LOAN | F57: Per Piece | G57: N/A | O57: 0
A58: 6 | B58: 48 | C58: Paper Hygiene | D58: Hand Towel Roll Dispenser - with sensor | E58: Automatic Single sheet presentation, white robust plastic, easy clean finish, transparent at bottom , self presenting dispensing with alternative sheet lengths. No need to touch dispenser, hygienic - only touch the towel you use, concealed refill, lockable. Led indicator warning for low paper and battery. Battery operated. Must be compatible with 2 ply roll on this list 150m long ,21cm wide. MUST BE AVAILABLE FREE ON LOAN | F58: Per Piece | G58: N/A | O58: 0
A59: 6 | B59: 49 | C59: Paper Hygiene | D59: Coreless Mid-Size Toilet Roll Advanced - 2 Ply | E59: Coreless toliet tissue 2 ply white , minium roll length 100m Minium sheet size 106cm2 (e.g 11.5cm x 9,3cm) or similar dimensions equal to area of 106cm2 , perforated, no core , embossed or crepeed finish no of sheets 800 to 900.min. weight 32gsm MUST DISSOLVE IN COLD WATER. Must be Forest Stewardship Council (FSC) or Eu Ecolabel certified. Must be Elemental Chlorine Free (ECF) or Totally Chlorine Free (TCF). | F59: 36 rolls per pack | G59: 10 | O59: =N59*G59 -> 0
A60: 6 | B60: 50 | C60: Paper Hygiene | D60: Wiper Roll 2 Ply Blue | E60: Single sheet presentation, food contact approved certified 2 ply blue roll Min. sheet size: 679cm2 (e.g. 35cm x 19.4cm length or similar dimensions equal to min. area of 679cm2), - 400- 429 sheets per roll, 150m per roll / 6 rolls per case. Must be Forest Stewardship Council (FSC) or Eu Ecolabel certified. Must be Totally Chlorine Free (TCF). | F60: 6 rolls x 150metre per pack | G60: 2690 | O60: =N60*G60 -> 0
A61: 6 | B61: 51 | C61: Paper Hygiene | D61: Kitchen Cleaning Cloth | E61: Highly absorbent cloth , white in colour, Heat resistant up to 250°c food contact approved , min sheet size ( e.g, 42.8cm Length x 35.5 cm Wide or similar dimensions equal to min area of 1519cm2). Product must be OK Biobased certified. | F61: 300 per pack | G61: 2318 | O61: =N61*G61 -> 0
A62: 6 | B62: 52 | C62: Paper Hygiene | D62: Folded Wiper/Cloth Dispenser | E62: Single sheet presentation, Robust design, Easy-to-clean design featuring removable hood, self presenting dispensing without need to touch dispenser, transparent, concealed refill, lockable. Must be compatible with kitchen cleaning cloth. MUST BE AVAILABLE FREE ON LOAN. | F62: Per Piece | G62: N/A | O62: 0
A63: 6 | B63: 53 | C63: Paper Hygiene | D63: Peakserve High Capacity continuous handtowel dispenser | E63: Single sheet presentation, white robust plastic, easy clean finish, transparent at bottom , self presenting dispensing without need to touch dispenser, hygienic as only touch the towel you use, concealed refill, lockable. Exterior refill level indicator Must be compatible with 1 ply continuous handtowel on this list 22.5cm long ,20.1 cm wide. MUST BE AVAILABLE FREE ON LOAN | F63: Per Piece | G63: N/A | O63: 0
A64: 6 | B64: 54 | C64: Paper Hygiene | D64: High Capacity continuous handtowel dispenser | E64: Single sheet presentation, white robust plastic, easy clean finish, transparent at bottom , self presenting dispensing without need to touch dispenser, hygienic as only touch the towel you use, concealed refill, lockable. Exterior refill level indicator Must be compatible with 1 ply continuous handtowel on this list 22.5cm long ,20.1 cm wide. MUST BE AVAILABLE FREE ON LOAN | F64: Per Piece | G64: N/A | O64: 0
A65: 6 | B65: 55 | C65: Paper Hygiene | D65: Hand Towel, 1ply, Folded Handtowel with a continuous flow | E65: Hand Towel, 1 ply, White, Folded with a continuous flow. Minimum size 440cm2 per sheet (e.g.22cm length x 20cm width or similar dimensions equal to min. of 440cm2), minimum weight 27gsm, must dispense one sheet at a time touched only by the user. minimum of 410 sheets Must be compatible with Continuous dispenser on contract There must not be paper breaks between the bundles i.e. at the end of a bundle the user does not need to reach inside dispenser to continue dispensing towels. Must be Forest Stewardship Council (FSC), EU Ecolabel certified or equivalent. The hand towel needs to be Food Contact Approved for wiping. Must be Elemental Chlorine Free (ECF) or Totally Chlorine Free (TCF). | F65: 12 x 410 packs per case | G65: 17831 | O65: =N65*G65 -> 0
A66: 6 | B66: 56 | C66: Paper Hygiene | D66: Mid-Size Toilet Roll Advanced 2ply | E66: Toilet tissue 2 ply white , min roll length 100m min. weight 30gsm,. MUST DISSOLVE IN COLD WATER. Must be Forest Stewardship Council (FSC) or Eu Ecolabel certified. Must be Elemental Chlorine Free (ECF) or Totally Chlorine Free (TCF). | F66: 27 per pack | G66: 1749 | O66: =N66*G66 -> 0
A67: 6 | B67: 57 | C67: Paper Hygiene | D67: Twin Mid-Size Toilet Roll Dispenser (Auto Shift) | E67: High Capacity white Twin roll dispenser,tranparent at bottom,lockable and top up in use. Easy to clean finish. Enclosed, protected rolls with automatic roll shift. Must be compatible with rolls approx 100metre long 9.9cm wide with plastic bung. MUST BE AVAILABLE FREE ON LOAN. | F67: Per Piece | G67: N/A | O67: 0
A68: 6 | B68: 58 | C68: Paper Hygiene | D68: Toilet Roll, 2 Ply Jumbo Toilet Roll, White | E68: Must be 300m to 400m in length Min gsm 32gsm Roll width must be between 8.5 and 9.5 cm Roll diameter must be between 25 and 27 cm Must be Forest Stewardship Council (FSC), Eu Ecolabel certified or equivalent. Must be Elemental Chlorine Free (ECF) or Totally Chlorine Free (TCF). MUST DISSOLVE IN COLD WATER. | F68: 6 rolls x 340m per case | G68: 1538 | O68: =N68*G68 -> 0
A69: 6 | B69: 59 | C69: Paper Hygiene | D69: Toilet Tissue, 2 Ply, folded Toilet Tissue, White | E69: Interfolded or flat folded, .Min Seet size e.g. 11cm x 18.5cm length or similar dimensions Min weight 32gsm. Embossed or crepe finish 240 -300 sheets per pack Must disolve in cold water. Must be Forest Stewardship Council (FSC), Eu Ecolabel certified or equivalent. Must be Elemental Chlorine Free (ECF) or Totally Chlorine Free (TCF). | F69: 30 x 252 sheets per case | G69: 2344 | O69: =N69*G69 -> 0
A70: 6 | B70: 60 | C70: Paper Hygiene | D70: Hand Towel Roll for Electronic Disp. 24.7 cm, 2 Ply, Hand Towel Roll, White | E70: Roll width 230-255mm, Roll length 140-190mtr., Min. weight 32gsm. Must not break up when wet. Must be Forest Stewardship Council (FSC), Eu Ecolabel certified or equivalent. Must be Elemental Chlorine Free (ECF) or Totally Chlorine Free (TCF). | F70: 6 rolls per pack | G70: 312 | O70: =N70*G70 -> 0
A71: 6 | B71: 61 | C71: Paper Hygiene | D71: Soft wash cloth | E71: Sheet size unfolded : width 28 - 30 cm cm length 28 - 30 cm , Min. weight 58.5gsm. Suitable for wet or dry use . Must not break up easily Must be food contact approved for patient wiping Must be Forest Stewardship Council (FSC), Eu Ecolabel certified or equivalent. | F71: 1600 per pack | G71: 683 | O71: =N71*G71 -> 0
A72: 6 | B72: 62 | C72: Paper Hygiene | D72: The portable Single Sheet Centrefeed system | E72: It must be suitable for hand drying and surface wiping solution for professional environments on the move. It must be easy-to-use, hygienic and durable dispensing one towel at a time. It must contain a Food contact approved certified 2 ply blue paper roll Min. sheet size: 679cm2 (e.g. 35cm x 19.4cm length or similar dimensions equal to min. area of 679cm2), - 400- 429 sheets per roll, 150m per roll . 1 rolls per unit. The roll must be Forest Stewardship Council (FSC) or Eu Ecolabel certified. Must be Totally Chlorine Free (TCF). Food contact approved. | F72: Per Piece | G72: 21 | O72: =N72*G72 -> 0
A73: 6 | B73: 63 | C73: Paper Hygiene | D73: Wiping Paper Plus Folded | E73: 2 Ply Paper Wipe in Folded Format It must be suitable hand drying and surface wiping solution for professional environments on the move. It must be easy-to-use, hygienic and high capacity. It must be available in a dispenser to ensure cost controlled dispensing. It must be available in white. approx. 200 sheets per pack. | F73: Per 5 x 200 pack | G73: 64 | O73: =N73*G73 -> 0
A74: 6 | B74: 64 | C74: Paper Hygiene | D74: Wiping Paper Plus Blue C | E74: Size: Each Sheet: 18-21 cm (w) x 36-39 cm (L), min. weight 32gsm, perforated, min 300-400 Sheets per roll ( = 108-156 mtr. roll). Suitable for wet or dry use. Must be Forest Stewardship Council (FSC), Eu Ecolabel certified or equivalent. Must be Elemental Chlorine Free (ECF) or Totally Chlorine Free (TCF). Must be suitable for general purpose use. Must be food contact approved | F74: Per 6 x 157 metres pack | G74: 2324 | O74: =N74*G74 -> 0
A75: 6 | B75: 65 | C75: Paper Hygiene | D75: Mini Jumbo TR Adv 2p 170 | E75: Min. Size: 162 cm2 per sheet (e.g., 9.cm x 18cm length or similar dimensions equal to min. area of 162 cm2), embossed or creped finish, min. weight 32gsm, perforated, 2 1/4'' core per roll, 165m to 170m per roll / 12 rolls per case. MUST DISSOLVE IN COLD WATER. Must contain recycled fibres. Must be Forest Stewardship Council (FSC), Eu Ecolabel certified or equivalent. Must be Elemental Chlorine Free (ECF) or Totally Chlorine Free (TCF). | F75: 12 rolls x 170 metres per case | G75: 2935 | O75: =N75*G75 -> 0
A76: 6 | B76: 66 | C76: Paper Hygiene | D76: Soft Multifold HT- Interfold | E76: Extra soft Interfolded, must dispense 1 at a time touched only by user. Must be dispensed in interfolded dispenser Min sheet size 21cm x 25 cm - 525 cm2 Must not break up when wet. Made from virgin and recycled fibres. Must be Forest Stewardship Council (FSC), Eu Ecolabel certified or equivalent. Must be food contact approved. Minimum 150 sheets. | F76: 21x 150 per case | G76: 2003 | O76: =N76*G76 -> 0
A77: 6 | B77: 67 | C77: Paper Hygiene | D77: Coloured Long-Lasting Cleaning Cloth Red | E77: Red Colour coded cloth: Minimum Sheet size 30cm x 38cm minimum pack size 40 cloths. Cloths must be silicon free and not contain heavy-metal based dyes .Food contact approved for wiping. Must be food contact approved. Must have a dispenser available for dispensing where required. | F77: 320 per pack | G77: 102 | O77: =N77*G77 -> 0
A78: 6 | B78: 68 | C78: Paper Hygiene | D78: Coloured Long-Lasting Cleaning Cloth Green | E78: Green Colour coded cloth: Minimum Sheet size 30cm x 38cm minimum pack size 40 cloths. Cloths must be silicon free and not contain heavy-metal based dyes .Food contact approved for wiping. Must be food contact approved. Must have a dispenser available for dispensing where required. | F78: 320 per pack | G78: 68 | O78: =N78*G78 -> 0
A79: 6 | B79: 69 | C79: Paper Hygiene | D79: Coloured Long-Lasting Cleaning Cloth Blue | E79: Blue Colour coded cloth: Minimum Sheet size 30cm x 38cm minimum pack size 40 cloths. Cloths must be silicon free and not contain heavy-metal based dyes .Food contact approved for wiping. Must be food contact approved. Must have a dispenser available for dispensing where required. | F79: 320 per pack | G79: 135 | O79: =N79*G79 -> 0
... A88: 6 | B88: 78 | C88: Paper Hygiene | D88: Wiper, Heavy Duty Cleaning Cloth, Folded, White | E88: Heavy-duty folded cleaning cloth, white. Non-woven construction. Must be highly absorbent, thick and very durable, withstanding hard scrubbing without falling apart. Must work with most solvents and removes oil, grease, water and stubborn spots quickly and effectively, while protecting hands from heat and metal scraps. The cloth must fit into a Wiper/Cloth Dispenser that protects refills from dirt and offers one-at-a time dispensing to reduce consumption. Must be Forest Stewardship Council (FSC), Eu Ecolabel certified or equivalent. Must be food contcat approved Min sheet size 35cm x 41cm | F88: 420 per case | G88: 627 | O88: =N88*G88 -> 0
A89: 6 | B89: 79 | C89: Paper Hygiene | D89: Dispenser, Mini Multifold Hand Towel Dispenser, White | E89: Wall-mounted mini multifold (Z-fold) hand towel dispenser, white. Manufactured from durable ABS plastic or equivalent. Lockable. Easy-clean finish. Viewing window to indicate stock level. Designed to provide controlled, one-at-a-time sheet dispensing to minimise waste and improve hygiene. Suitable for multifold hand towels supplied under this framework. MUST BE AVAILABLE FREE ON LOAN. | F89: Per Unit | G89: N/A | O89: 0
A90: 6 | B90: 80 | C90: Paper Hygiene | D90: Dispenser, Centrefeed Wiper Dispenser | E90: Wall-mounted centrefeed dispenser suitable for centrefeed wiper and hand towel rolls. Manufactured from durable ABS plastic or equivalent. Lockable. Easy-clean finish. Viewing window to indicate stock level. Designed to provide controlled dispensing and reduce product waste. Suitable for rolls supplied under this framework. Colour: white, blue, turquoise or equivalent. MUST BE AVAILABLE FREE ON LOAN. | F90: Per Unit | G90: N/A | O90: 0
A91: 6 | B91: 81 | C91: Paper Hygiene | D91: Dispenser, Mini Controlled-Dispense Toilet Tissue Dispenser, White | E91: Wall-mounted mini toilet tissue dispenser, white or semi-transparent heavy-duty plastic. Lockable, easy-clean finish, viewing window to indicate stock level. Designed to provide controlled single-sheet dispensing to reduce waste and improve hygiene. Suitable for high-capacity toilet tissue rolls supplied under this framework. Robust construction suitable for high-traffic washroom environments. MUST BE AVAILABLE FREE ON LOAN. | F91: Per Unit | G91: N/A | O91: 0
A92: 6 | B92: 82 | C92: Paper Hygiene | D92: Wiper, 2 Ply, Industrial Wiping Roll, White | E92: Min Size: Each Sheet: 23-25cm (w) x 34-38cm (L), min. weight 16gsm, perforated, 1200-1800 sheets per roll (= 408-684 mtr. roll). 2 ply White industrial wiping roll,. Suitable for use in floor-standing and wall-mounted dispensing systems. Strong and absorbent construction suitable for wiping liquids, oils, grease and general contaminants. Must maintain strength when wet and must not break up during normal use. Supplied in cases of 2 rolls. Must be Forest Stewardship Council (FSC), EU Ecolabel certified or equivalent. Must be Elemental Chlorine Free (ECF) or Totally Chlorine Free (TCF). Suitable for industrial, workshop, maintenance, catering and general cleaning applications. | F92: Per 2 roll x 460metre per case | G92: 18 | O92: =N92*G92 -> 0
O93: =SUM(O11:O92) -> 0

Sheet Lot 7
A1: Contract: | D1: FCL033F Framework - Cleaning, Paper, Personal Hygiene & Period Equality Products
A2: Lot Number: 7 | D2: All Client Organisations (apart from Health) | E2: Personal Hygiene Products
A3: Tenderers Name: | D3: ='Lot Summary '!B2 -> 0
A5: Please ensure that you read all instructions in Appendix 2: Pricing Schedule from page 72 of the "FCL033F RFT". Any Tenderer who does not follow these instructions may be eliminated from the competition.
H7: Required for all Products | V7: Select
S8: Required for Biocidal Products | V8: Yes
A9: Lot Number | B9: OGP Product Number | C9: Area | D9: Product Description | E9: Product Specifications | F9: Unit of Measure (UOM) | G9: Estimated annual Volumes | H9: Supplier Product Code | I9: Country of Origin | J9: Prospective Product Description | K9: Prospective Case Size (For information purposes only) | M9: Price For Full Size Case | N9: Price as Per Unit of Measure (Column F) | O9: Annualised Unit Price for each Good based on unit of measure in column F | P9: Delivery UOM e.g. (Case, Box) | Q9: Green Criteria Compliant (Y/N) | R9: Green Criteria Rationale | S9: Insert a PCS, IE/BPA or EU Number | T9: Insert link to the biocidal product on the DAFM Register | V9: No
A10: Example Row | C10: Personal Hygiene | D10: Hair Conditioner | E10: Hair Conditioner, 150-250ml bottle. Used for everyday hair washing and conditioning, Compliant with Cosmetic Regulation 1223/2009/EC. | F10: Per 200ml Bottle. | G10: 100 | H10: 12345 | I10: Ireland | J10: Hair Conditioner (brand) | K10: 150ml | L10: 10 | M10: 10 | N10: 1.33 | O10: 133 | P10: Case | Q10: Y | R10: List all green elements linked to the product | S10: If applicable, add the details | T10: If applicable, add the details
A11: 7 | B11: 1 | C11: Personal Hygiene | D11: Baby Hair Shampoo | E11: Baby Hair Shampoo, 500ml bottle, Paraben free or equivalent, Used for everyday hair washing and conditioning, Compliant with Cosmetic Regulation 1223/2009/EC. | F11: Per 500ml Bottle. | G11: 2853 | O11: =N11*G11 -> 0
A12: 7 | B12: 2 | C12: Personal Hygiene | D12: Barrier Cream | E12: General purpose pre-work skin cream for wet & dry work, 1 ltr. Used to protect the skin from external damage through irritants such as dirt, mud, water, chemicals, allergens and other foreign bodies. | F12: Per 1ltr. Bottle. | G12: 10 | O12: =N12*G12 -> 0
A13: 7 | B13: 3 | C13: Personal Hygiene | D13: Deodorant Aerosol | E13: Body dry Antiperspirant Deodorant Aerosol 150ml (Male/Female), Everyday body deodorant. | F13: Per 150ml Can | G13: 4943 | O13: =N13*G13 -> 0
A14: 7 | B14: 4 | C14: Personal Hygiene | D14: Hair & Body wash | E14: All over body and hair shampoo, Replacement Cartridge for use in dispenser. Used for everyday hair and body wash. If necessary must fit in dispensers that are to be provided. | F14: Per pouch/bottle/cartridge. | G14: 21 | O14: =N14*G14 -> 0
A15: 7 | B15: 5 | C15: Personal Hygiene | D15: Hair & Body wash | E15: Hair & Body wash, Liquid bulk 5ltr container used to refill dispensing unit. Used for everyday hair and body wash. | F15: Per 5 ltr. | G15: 171 | O15: =N15*G15 -> 0
A16: 7 | B16: 6 | C16: Personal Hygiene | D16: Hand Sanitiser | E16: Waterless, 70% alcohol based skin sanitising Gel, 500ml-1ltr, Antibacterial hand gel for prevention of Weils Disease | F16: Per 1ltr. Bottle. | G16: 27 | O16: =N16*G16 -> 0
A17: 7 | B17: 7 | C17: Personal Hygiene | D17: Hand Soap | E17: Liquid emollient hand soap intended for frequent use. Dispenser refill cartridge. Hand wash specifically formulated for use in healthcare environments. Complies with the EN 1276. If necessary must fit to a dispenser that is to be provided. | F17: Per Cartridge. | G17: 4464 | O17: =N17*G17 -> 0
A18: 7 | B18: 8 | C18: Personal Hygiene | D18: Hand Soap | E18: Liquid HypoAllergenic Hand Soap, Dispenser refill cartridge. Non-perfumed and pH balanced to reduce possibility of irritation. Complies with the EN 1276. If necessary must fit to a dispenser that is to be provided. | F18: Per Cartridge. | G18: 75 | O18: =N18*G18 -> 0
A19: 7 | B19: 9 | C19: Personal Hygiene | D19: Hand Soap | E19: Liquid Mild Foam Hand Soap. Dispenser refill cartridge. Mild foaming soap for frequent use, Complies with the EN 1276. If necessary must fit to a dispenser that is to be provided. | F19: Per Cartridge. | G19: 17033 | O19: =N19*G19 -> 0
A20: 7 | B20: 10 | C20: Personal Hygiene | D20: Hand Soap | E20: 5 ltr Bulk pearlised liquid hand soap formulated for industrial and Institutional use. Biodegradable and phosphate free. Use to refill dispensers, General Hand Soap. Ideal for Schools, Pubs, Hotels, or as a General hand Soap., Complies with the EN 1276. | F20: Per 5 ltr. | G20: 25 | O20: =N20*G20 -> 0
A21: 7 | B21: 11 | C21: Personal Hygiene | D21: Hand Soap | E21: Antibacterial Foam Soap Dispenser refill cartridge 1 ltr., Anti-Bacterial Foaming Hand Soap is useful in all office and public bathrooms. It effectively removes soils, provides antibacterial activityand is mild on the skin. Complies with the EN1276. | F21: Per 1 ltr. Bottle. | G21: 32 | O21: =N21*G21 -> 0
A22: 7 | B22: 12 | C22: Personal Hygiene | D22: Hand Soap | E22: Antibacterial bulk liquid hand soap. 5 ltr. Bulk container used to refill dispenser units. Anti-Bacterial Liquid Hand Soap is useful in all office and public bathrooms. It effectively removes soils, provides antibacterial activity and is mild on the skin. Complies with EN 1276. | F22: Per 5 ltr. | G22: 322 | O22: =N22*G22 -> 0
... A24: 7 | B24: 14 | C24: Personal Hygiene | D24: Hand Soap | E24: Antibacterial moisturising hand wash. Pumped action dispenser 250ml-500ml bottle or equivalent pumped type bottle. Anti-Bacterial Liquid Hand Soap is useful in all office and public bathrooms. It effectively removes soils, provides antibacterial activity and is mild on the skin. | F24: Per 500ml Bottle. | G24: 3942 | O24: =N24*G24 -> 0
A25: 7 | B25: 15 | C25: Paper Hygiene | D25: Hand soap dispenser | E25: Wall mounted, Manual Dispenser to accommodate range of liquid hand soap/moisturising cream/shampoo & body wash cartridges. Made from durable hard ABS plastic casing and lockable. Must be compatible with cartridge items on this list. MUST BE AVAILABLE FREE OF CHARGE. | F25: Per Piece. | G25: N/A | O25: 0
A26: 7 | B26: 16 | C26: Paper Hygiene | D26: Hand soap dispenser | E26: Wall mounted, Manual Dispenser to accommodate range of foam hand soap cartridges. Made from durable hard ABS plastic casing and lockable. Must be compatible with cartridge items on this list. MUST BE AVAILABLE FREE OF CHARGE. | F26: Per Piece. | G26: N/A | O26: 0
A27: 7 | B27: 17 | C27: Paper Hygiene | D27: Liquid soap dispenser | E27: Bulk Liquid Soap/Shampoo & body wash dispenser, refillable. Must be compatible with bulk filling soap/shampoo/body wash products on this list. MUST BE AVAILABLE FREE OF CHARGE. | F27: Per Piece. | G27: N/A | O27: 0
A28: 7 | B28: 18 | C28: Personal Hygiene | D28: Toothbrush kit | E28: Toothbrush 126mm & Toothpaste 5g Pack , Compact kit for everyday use, | F28: Per Pack. | G28: 8125 | O28: =N28*G28 -> 0
A29: 7 | B29: 19 | C29: Personal Hygiene | D29: Toothpaste, Large Tube | E29: Toothpaste, an everyday toothpaste with active fluoride for cavity protection. 75ml - 100ml tube. | F29: Per 75ml Tube | G29: 3543 | O29: =N29*G29 -> 0
A30: 7 | B30: 20 | C30: Personal Hygiene | D30: Hand Soap | E30: Mild Foam Hand Wash, Fragrance Free. Dispenser refill cartridge. 750ml - 1250ml. Mild foaming soap for frequent use, Complies with the EN1276. | F30: Per 1 ltr. Piece. | G30: 204 | O30: =N30*G30 -> 0
A31: 7 | B31: 21 | C31: Personal Hygiene | D31: Baby Bath | E31: Baby Bath, Hypoallergenic, pH Balanced, dye Free, paraben Free, phthaltes Free, sulphate Free, alcohol free and soap Free. 50-300ml Bottle. | F31: Per 300ml Bottle. | G31: 8123 | O31: =N31*G31 -> 0
A32: 7 | B32: 22 | C32: Personal Hygiene | D32: Mouthwash | E32: Mouthwash 200-300ml bottle. Alcohol Free. | F32: Per 250ml Bottle. | G32: 117 | O32: =N32*G32 -> 0
A33: 7 | B33: 23 | C33: Personal Hygiene | D33: Baby Skincare wipes | E33: Baby skincare wipes. Allergen free, Alcohol free, suitable for sensitive skin, ph balanced. Approx. 60 wipes per pack. | F33: Per Pack. | G33: 3093 | O33: =N33*G33 -> 0
A34: 7 | B34: 24 | C34: Personal Hygiene | D34: Ladies Hair Brush | E34: 100% Non-metallic, ladies hair brush. | F34: Per Piece. | G34: 39 | O34: =N34*G34 -> 0
A35: 7 | B35: 25 | C35: Personal Hygiene | D35: Gents Hair Brush | E35: 100% Non-metallic, mens hair brush. | F35: Per Piece. | G35: 39 | O35: =N35*G35 -> 0
A36: 7 | B36: 26 | C36: Personal Hygiene | D36: Hair Comb | E36: 100% Non-metallic, ladies / gents hair comb. | F36: Per Piece. | G36: 21264 | O36: =N36*G36 -> 0
A37: 7 | B37: 27 | C37: Personal Hygiene | D37: Foam hand Sanitiser | E37: Foam hand Sanitiser 1ltr cartridge compatable with 1 ltr dispenser | F37: Per 1 Ltr. | G37: 10913 | O37: =N37*G37 -> 0
A38: 7 | B38: 28 | C38: Personal Hygiene | D38: Blue Surgical Disp Mask | E38: Blue Surgical Disp Mask Type IIR - EN12447 - Box = 50 | F38: Per Box | G38: 31 | O38: =N38*G38 -> 0
A39: 7 | B39: 29 | C39: Personal Hygiene | D39: Apron | E39: White Disposable Aprons 16MU - Flat Pack (27 x 46"). Approx. 1000 aprons per pack | F39: Per 1000 Pack. | G39: 178 | O39: =N39*G39 -> 0
... A78: 7 | B78: 68 | C78: Washroom | D78: Concentrated Toilet/Urinal Cleaner | E78: Concentrated Toilet/Urinal Cleaner, 1-3ltr. Cartridge, dosing system compatable for refilling Liquid Spray bottles or Buckets. If a separate dosing system/dispenser is required then it must be provided free of charge. | F78: Per 2.5 ltr. pouch/bottle/cartridge. | G78: 225 | O78: =N78*G78 -> 0
A79: 7 | B79: 69 | C79: Washroom | D79: Air Freshener Spray Dispenser | E79: It must functionality in every detail, easy to program, highly practical and easy to maintain. It must work on batteries and be capable of dispensing a variety of scent refills lift the atmosphere of any washroom.MUST BE AVAILABLE FREE OF CHARGE. | F79: Per Piece | G79: N/A | O79: 0
A80: 7 | B80: 70 | C80: Washroom | D80: Air care refill multi pack | E80: The sprays contain concentrated fragrance oils and proprietary odour-neutralising agents to eliminate unpleasant smells while providing long-lasting air freshness. | F80: Per 12 pack | G80: 83 | O80: =N80*G80 -> 0
A81: 7 | B81: 71 | C81: Waste Disposal | D81: Refuse Sack, 26" x 44" Gauge, Clear, HDPE, Roll | E81: Refuse Sack, 66.04cm x 111.76cm Micron Clear HDPE. Case of approx. 200 bags. Minimum 22 micron | F81: Per case | G81: 263 | O81: =N81*G81 -> 0
A82: 7 | B82: 72 | C82: Waste Disposal | D82: Refuse Sack, Alginate Laundry Bag | E82: Refuse Sack, Alginate, Min. 51cm x 68cm (20'' x 27''), translucent red or orange colour, Strength: min. 152 gauge (38 micron), with dissolving strip, Strips must dissolve at 40 degrees C. case of approx. 200 bags. | F82: Per case | G82: 1470 | O82: =N82*G82 -> 0
A83: 7 | B83: 73 | C83: Waste Disposal | D83: Refuse Sack, 26" x 44" Gauge, Black, HDPE | E83: Min. Size 66cm x 112cm (26'' x 44'') black, HDPE, Strength: MUST hold up to 10kgs of waste. min. 25 micron OR meets Cleaning and Hygiene Association (CHSA) Refuse Sack 'Medium Duty' Standard. Tear resistant, puncture resistant, must be capable of capable of holding up to 10kgs of waste. Case of approx. 200 bags | F83: Per case | G83: 318 | O83: =N83*G83 -> 0
A84: 7 | B84: 74 | C84: Waste Disposal | D84: Refuse Sack, 26" x 44" Gauge, Large Local Authority Refuse Sack, Single Colour Print. | E84: Min. Size: 66cm x 112cm (26'' x 44''), single base colour, 1 colour print (text and logo), Strength: MUST hold up to 15kgs of waste. min. 110 gauge (27.5 micron) OR meets Cleaning and Hygiene Association (CHSA) Refuse Sack 'Heavy Duty' Standard. Tear resistant, puncture resistant, must be capable of capable of holding up to 15kgs of waste. Print must be non run / waterproof., A typical example of the requirement is Dublin City Councils requirement for a bag in a light blue colour with the Dublin City Council logo printed on the bag in black. Case of approx. 200 bags | F84: Per case | G84: 222 | O84: =N84*G84 -> 0
A85: 7 | B85: 75 | C85: Waste Disposal | D85: Refuse Sack, 26" x 44" Gauge, Co Extruded, Black, Roll | E85: Refuse Sack, 66.04cm x 111.76cm Micron Black Co-extruded. Case of approx. 200 bags. Minimum 40 micron | F85: Per Case | G85: 201 | O85: =N85*G85 -> 0
A86: 7 | B86: 76 | C86: Waste Disposal | D86: Refuse Sack, 22" x 40" Gauge, Compostable, 60L | E86: Compostable, 60 ltr., W55 x L102cm x 30mu. Must break down into carbon dioxide, water, inorganic compounds and biomass. Must degrade at the same rate as cellulose (paper). Biodegradation must not produce any toxic material, must support plant growth and must distintgrate to be indistinguishable in the compost. 90% compostable in 6 months (in accordance with standard EN13432). Clear/Green Tint. Case of approx. 100 bags. | F86: Per Case | G86: 372 | O86: =N86*G86 -> 0
A87: 7 | B87: 77 | C87: Waste Disposal | D87: Refuse Sack, Office Waste Paper Basket Liner - Clear | E87: Refuse Sack, Clear, Min. 100 gauge (25 micron), Tear resistant. Must be compatible with standard 14L square and round office waste paper baskets. Case of approx. 100 bags | F87: Per Case | G87: 1444 | O87: =N87*G87 -> 0
A88: 7 | B88: 78 | C88: Waste Disposal | D88: Refuse Sack, 25" x 30" x 100 Gauge, Clear, Swing Bin Liner | E88: Refuse Sack, Clear, Min. 63cm x 76cm (25'' x 30''), Min. 100 gauge (25 micron), Tear resistant, Puncture resistant, Leak proof seals. Must be compatible with 48-50L swing bin on this list. Case of approx. 100 bags | F88: Per Case | G88: 6886 | O88: =N88*G88 -> 0
A89: 7 | B89: 79 | C89: Waste Disposal | D89: Refuse Sack, 26" x 36" x 100 Gauge, Compostable, Clear | E89: Refuse Sack, Compostable, Clear, Min. 65cm x 89cm (26'' x 36''), Min. 100 gauge (25 micron) Must be capable of holding up to 10 kgs of waste OR meets Cleaning and Hygiene Association (CHSA) Refuse Sack 'Medium Duty' Standard. Tear resistant, Puncture resistant, Leak proof seals, Must break down into carbon dioxide, water, inorganic compounds and biomass. Must degrade at the same rate as cellulose (paper). Biodegradation must not produce any toxic material, must support plant growth and must distintgrate to be indistinguishable in the compost. 90% compostable in 6 months (in accordance with standard EN13432). Case of approx. 100 bags | F89: Per Case | G89: 329 | O89: =N89*G89 -> 0
A90: 7 | B90: 80 | C90: Waste Disposal | D90: Refuse Sack, 26" x 44" x 200 Gauge, Clear | E90: Min. Size 66cm x 112cm (26'' x 44'') clear, Strength: MUST hold up to 15kgs of waste. min. 200 gauge (62.5 micron) OR meets Cleaning and Hygiene Association (CHSA) Refuse Sack 'Heavy Duty' Standard. Tear resistant, puncture resistant, must be capable of capable of holding up to 15kgs of waste. Case of approx. 200 bags | F90: Per Case | G90: 7406 | O90: =N90*G90 -> 0
A91: 7 | B91: 81 | C91: Waste Disposal | D91: Refuse Sack, 38" x 46" x 100 Gauage, Clear, Compactor Sack | E91: Refuse Sack, Clear, Min. 96cm x 117cm (38'' x 46''), Min. 100 gauge (25 micron), Must be capable of holding hold up to 15kgs of waste OR meets Cleaning and Hygiene Association (CHSA) Refuse Sack 'Heavy Duty' Standard, Tear resistant, puncture resistant. Case of approx. 100 bags | F91: Per Case | G91: 25 | O91: =N91*G91 -> 0
... A117: 7 | B117: 107 | C117: Waste Disposal | D117: Refuse Sack, 26" x 44" x 200 Gauge Black | E117: Min. Size: 66cm x 112cm (26'' x 44'') black, Strength: MUST hold up to 20kg of waste. Min. 200 gauge OR meets Cleaning and Hygiene Association (CHSA) Refuse Sack 'Extra Heavy Duty' Standard. Tear resistant, puncture resistant. Case of approx. 200 bags | F117: Per Case | G117: 667 | O117: =N117*G117 -> 0
O118: =SUM(O11:O117) -> 0

Sheet Lot 8
A1: Contract: | D1: FCL033F Framework - Cleaning, Paper, Personal Hygiene & Period Equality Products
A2: Lot Number: 8 | D2: All Client Organisations (apart from Health) | E2: Period Equality Products
A3: Tenderers Name: | D3: ='Lot Summary '!B2 -> 0
A5: Please ensure that you read all instructions in Appendix 2: Pricing Schedule from page 72 of the "FCL033F RFT". Any Tenderer who does not follow these instructions may be eliminated from the competition.
H7: Required for all Products | T7: Select
T8: Yes
A9: Lot Number | B9: OGP Product Number | C9: Area | D9: Product Description | E9: Product Specifications | F9: Unit of Measure (UOM) | G9: Estimated annual Volumes | H9: Supplier Product Code | I9: Country of Origin | J9: Prospective Product Description | K9: Prospective Case Size (For information purposes only) | M9: Price For Full Size Case | N9: Price as Per Unit of Measure (Column F) | O9: Annualised Unit Price for each Good based on unit of measure in column F | P9: Delivery UOM e.g. (Case, Box) | Q9: Green Criteria Compliant (Y/N) | R9: Green Criteria Rationale | T9: No
A10: Example Row | C10: Period Equality | D10: Sanitary Pads- Light Flow | E10: Regular: Size and absorbent capacity must be suitable for normal flow. Regular size should have length 180mm to 220mm and width excluding wings shall be 60mm–100mm. Absorbency shall be 15-20ml. | F10: Per 100 Pack | G10: 100 | H10: 12345 | I10: Ireland | J10: Sanitary Pads- Light Flow (brand) | K10: 150 pack | L10: 5 | M10: 70 | N10: 9.33 | O10: 933 | P10: Case | Q10: Y | R10: List all green elements linked to the product
A11: 8 | B11: 1 | C11: Period Equality | D11: Free Dispensing Machines | E11: Coin free Dispensing Machine. Dual column with two stock lines at a minimum. Vandal resistant cover. Minimum size 31 x 73 x 8.5cm. Colour White. MUST BE AVAILABLE FREE ON LOAN | F11: Per Piece. | G11: N/A | O11: 0
A12: 8 | B12: 2 | C12: Period Equality | D12: Basket | E12: Basket Type Holder | F12: Per Piece. | G12: 85 | O12: =N12*G12 -> 0
A13: 8 | B13: 3 | C13: Period Equality | D13: Sanitary Pads- Light Flow | E13: Regular: Size and absorbent capacity must be suitable for normal flow. Regular size should have length 180mm to 220mm and width excluding wings shall be 60mm–100mm. Absorbency shall be 15-20ml. | F13: Per 100 Pack | G13: 2582 | O13: =N13*G13 -> 0
A14: 8 | B14: 4 | C14: Period Equality | D14: Sanitary Pads- Medium Flow | E14: Large: Size and absorbent capacity must be suitable for moderate flow. Large size with length 220mm to 260mm and width excluding wings shall be 60mm–100mm. Absorbency shall be 20-30 m | F14: Per 100 Pack | G14: 80853 | O14: =N14*G14 -> 0
A15: 8 | B15: 5 | C15: Period Equality | D15: Sanitary Pads- Heavy Flow | E15: Extra Large: Size and absorbent capacity must be suitable for heavy flow. Extra-large size with length 260mm to 300mm and width excluding wings shall be 60mm–100mm. Absorbency shall be 30-40 ml w | F15: Per 100 Pack | G15: 5800 | O15: =N15*G15 -> 0
A16: 8 | B16: 6 | C16: Period Equality | D16: Reusable Sanitary Pads -Light Flow - Environmentally Friendly | E16: Regular: Size and absorbent capacity must be suitable for light flow. Regular size should have length 180mm to 220mm and width excluding wings shall be 60mm–100mm. Absorbency shall be 15-20ml when measured as per standard unicef test. | F16: Per 10 Pack | G16: 400 | O16: =N16*G16 -> 0
A17: 8 | B17: 7 | C17: Period Equality | D17: Reusable Sanitary Pads -Medium Flow - Environmentally Friendly | E17: Large: Size and absorbent capacity must be suitable for moderate flow. Large size with length 220mm to 260mm and width excluding wings shall be 60mm–100mm. Absorbency shall be 20-30 ml when measured as per standard unicef test. | F17: Per 10 Pack | G17: 70 | O17: =N17*G17 -> 0
A18: 8 | B18: 8 | C18: Period Equality | D18: Reusable Sanitary Pads - Heavy Flow - Environmentally Friendly | E18: Extra Large: Size and absorbent capacity must be suitable for heavy flow. Extra-large size with length 260mm to 300mm and width excluding wings shall be 60mm–100mm. Absorbency shall be 30-40 ml when measured as per standard unicef test. | F18: Per 10 Pack | G18: 100 | O18: =N18*G18 -> 0
A19: 8 | B19: 9 | C19: Period Equality | D19: Menstrual Tampon - Light Flow | E19: Absorbent capacity up to 3ml. Non-applicator form. | F19: Per 100 Pack | G19: 1370 | O19: =N19*G19 -> 0
A20: 8 | B20: 10 | C20: Period Equality | D20: Menstrual Tampon - Medium Flow | E20: Absorbent capacity up to 5ml. Non-applicator form. | F20: Per 100 Pack | G20: 44770 | O20: =N20*G20 -> 0
A21: 8 | B21: 11 | C21: Period Equality | D21: Menstrual Tampon - Heavy Flow | E21: Absorbent capacity up to 12ml. Non-applicator form. | F21: Per 100 Pack | G21: 3587 | O21: =N21*G21 -> 0
A22: 8 | B22: 12 | C22: Period Equality | D22: Menstrual Tampon - Light Flow - Environmentally Friendly | E22: Made from 90% certified organic material. Compostable, Toxin-free, and Chemical-free. 90% recyclable applicators. Regular absorbency 6-9 grams. Super absorbency 9-12 grams. Applicator form. | F22: Per 100 Pack | G22: 461 | O22: =N22*G22 -> 0
A23: 8 | B23: 13 | C23: Period Equality | D23: Menstrual Tampon - Medium Flow - Environmentally Friendly | E23: Made from 90% certified organic material. Compostable, Toxin-free, and Chemical-free. 90% recyclable applicators. Regular absorbency 6-9 grams. Super absorbency 9-12 grams. Applicator form. | F23: Per 100 Pack | G23: 1810 | O23: =N23*G23 -> 0
... A32: 4 | B32: 22 | C32: Period Equality | D32: Menstrual Support Package | E32: Packaging Requirements. All contents packed within one single outer box, sealed for issue as a complete unit. Menstrual Tampon - Medium Flow - Environmentally Friendly (Made from 90% certified organic material. Compostable, Toxin-free, and Chemical-free. 90% recyclable applicators. Regular absorbency 6-9 grams. Super absorbency 9-12 grams. Applicator form.) x 1 Menstrual Tampon - Heavy Flow - Environmentally Friendly Made from 90% certified organic material. Compostable, Toxin-free, and Chemical-free. 90% recyclable applicators. Regular absorbency 6-9 grams. Super absorbency 9-12 grams. Applicator form x 1 Sanitary Pads- Medium Flow - Large: Size and absorbent capacity must be suitable for moderate flow. Large size with length 220mm to 260mm and width excluding wings shall be 60mm–100mm. Absorbency shall be 20-30m x 1 Sanitary Pads- Heavy Flow - Extra Large: Size and absorbent capacity must be suitable for heavy flow. Extra-large size with length 260mm to 300mm and width excluding wings shall be 60mm–100mm. Absorbency shall be 30-40 ml w x 1 Wipes - Wet Wipes Personal Pack = 15 to 30 individual wipes per pack x 5 | F32: Per Single box | G32: 50 | O32: =N32*G32 -> 0
O33: =SUM(O11:O32) -> 0
